Workbook

Sheet DADOS DA OBRA
B10: DADOS DO EMPREENDIMENTO
B12: OBJETO
B13: DEMOLIÇÃO DO RESERVATÓRIO EXISTENTE, EXECUÇÃO DE RESERVATÓRIO METÁLICO ELEVADO E REESTRUTURAÇÃO (COM AMPLIAÇÃO) DA REDE DE DISTRIBUIÇÃO DE ÁGUA TRATADA EXISTENTE NO MUNICÍPIO DE MATRINCHÃ
B15: ENDEREÇO
B16: RUAS DIVERSAS
B18: Bairro | J18: Cidade | P18: UF
B19: DIVERSOS | J19: MATRINCHÃ | P19: GO
B21: Área Total de Construção | F21: BDI | J21: ENCARGOS SOCIAIS HORISTAS | N21: Data do Orçamento
F22: ='BDI NORMAL (ONE) '!F21/100 -> 0.2365 | J22: ='ENCARGOS SOCIAIS'!D43 -> 0.9471 | N22: 04/11/2024
B24: Prazo | F24: BDI REDUZIDO | J24: ENCARGOS SOCIAIS MENSALISTAS | N24: Revisão
B25: 04 MESES | F25: ='BDI DIFERENCIADO (ONE) '!F21/100 -> 0.1948 | J25: ='ENCARGOS SOCIAIS'!E43 -> 0.5597 | N25: 01
B27: BASE
B28: GOINFRA CIVIL-06/2024, GOINFRA RODOVIÁRIA-06/2024, SINAPI-08/2024, ORSE-06/2024, SENFRA-CE-028, SCO-08/2024, CPOS-06/2024, EMBASA-05/2024, SIURB-01/2024

Sheet CAPA - ORÇAMENTO
C9: ORÇAMENTO
C15: OBJETO: | D15: REFORMA / AMPLIAÇÃO - TERMINAL DE PASSAGEIROS DE ITUMBIARA
C16: LOCAL: | D16: AVENIDA ITUMBIARA, N. 1391, RESIDENCIAL JARDIM PRIMAVERA, ITUMBIARA - GO
C17: DATA: | D17: 27/06/2025
C18: RESPONSÁVEL: | D18: ENGENHEIRO CIVIL LUCIANO MARTINS PARREIRA DE OLIVEIRA E SILVA
C19: CREA: | D19: 101881435-3/D-GO

Sheet CAPA - VANTAJOSIDADE
C9: VANTAJOSIDADE

Sheet VANTAJOSIDADE
B1: CÁLCULO DE VANTAJOSIDADE
B4: OBJETO: | C4: =+'CAPA - ORÇAMENTO'!D15 -> REFORMA / AMPLIAÇÃO - TERMINAL DE PASSAGEIROS DE ITUMBIARA | M4: DATA: | N4: =+'CAPA - ORÇAMENTO'!D17 -> 27/06/2025
B5: LOCAL: | C5: =+'CAPA - ORÇAMENTO'!D16 -> AVENIDA ITUMBIARA, N. 1391, RESIDENCIAL JARDIM PRIMAVERA, ITUMBIARA - GO | M5: REVISÃO: | N5: 00
B7: O cálculo de vantajosidade se baseia na comparação direta entre os valores totais do orçamento e a escolha pelo que representa o menor valor, para tanto temos:
F10: a. Orçamento com desoneração: | J10: ='ORÇAMENTO SINTÉTICO (DES)'!L380 -> 3933947.4
F11: b. Orçamento sem desoneração: | J11: ='ORÇAMENTO SINTÉTICO - ONE'!L380 -> 3874231.1
F13: % de Diferença (a / b) | K13: =(J10/J11)-1 -> 0.015413709
F15: ORÇAMENTO COM MELHOR VANTAJOSIDADE: | J15: =+IF(J11<J10,"SEM DESONERAÇÃO","COM DESONERAÇÃO") -> SEM DESONERAÇÃO

Sheet CAPA - ORÇAMENTO (SD)
C9: ORÇAMENTO SEM DESONERAÇÃO

Sheet ORÇAMENTO RESUMO (SD)
B1: ORÇAMENTO RESUMO SEM DESONERAÇÃO
B3: OBJETO: | C3: =+VANTAJOSIDADE!C4 -> REFORMA / AMPLIAÇÃO - TERMINAL DE PASSAGEIROS DE ITUMBIARA | F3: DATA: | G3: =+VANTAJOSIDADE!N4 -> 27/06/2025 | J3: ENCARGOS SOCIAIS HORISTAS: | K3: =+'ENCARGOS SOCIAIS'!F43 -> 1.1737
B4: LOCAL: | C4: =+VANTAJOSIDADE!C5 -> AVENIDA ITUMBIARA, N. 1391, RESIDENCIAL JARDIM PRIMAVERA, ITUMBIARA - GO | F4: REVISÃO: | G4: =+VANTAJOSIDADE!N5 -> 00 | J4: ENCARGOS SOCIAIS MENSALISTAS: | K4: =+'ENCARGOS SOCIAIS'!G43 -> 0.7419
F5: PRAZO: | G5: 06 MESES | J5: BDI OBRA: | K5: ='ORÇAMENTO SINTÉTICO - ONE'!L5 -> 0.2365
J6: BDI DIFERENCIADO: | K6: =+'ORÇAMENTO SINTÉTICO - ONE'!L6 -> 0.1948
B8: Item | E8: Descrição | K8: Total
B9: 1 | E9: ='ORÇAMENTO SINTÉTICO - ONE'!E9 -> ADMINISTRAÇÃO LOCAL | K9: ='ORÇAMENTO SINTÉTICO - ONE'!L9 -> 341358.58
B10: 2 | E10: ='ORÇAMENTO SINTÉTICO - ONE'!E17 -> CANTEIRO | K10: ='ORÇAMENTO SINTÉTICO - ONE'!L17 -> 155871.3
B11: 3 | E11: ='ORÇAMENTO SINTÉTICO - ONE'!E29 -> SERVIÇOS PRELIMINARES | K11: ='ORÇAMENTO SINTÉTICO - ONE'!L29 -> 25647.09
B12: 4 | E12: ='ORÇAMENTO SINTÉTICO - ONE'!E44 -> FUNDAÇÕES | K12: ='ORÇAMENTO SINTÉTICO - ONE'!L44 -> 157817.71
B13: 5 | E13: ='ORÇAMENTO SINTÉTICO - ONE'!E79 -> SUPERESTRUTURA | K13: ='ORÇAMENTO SINTÉTICO - ONE'!L79 -> 244056.67
B14: 6 | E14: ='ORÇAMENTO SINTÉTICO - ONE'!E93 -> PAREDES E PAINÉIS | K14: ='ORÇAMENTO SINTÉTICO - ONE'!L93 -> 154031.78
B15: 7 | E15: ='ORÇAMENTO SINTÉTICO - ONE'!E100 -> ESQUADRIAS | K15: ='ORÇAMENTO SINTÉTICO - ONE'!L100 -> 603242.78
B16: 8 | E16: ='ORÇAMENTO SINTÉTICO - ONE'!E128 -> IMPERMEABILIZAÇÕES | K16: ='ORÇAMENTO SINTÉTICO - ONE'!L128 -> 11480.35
B17: 9 | E17: ='ORÇAMENTO SINTÉTICO - ONE'!E130 -> COBERTURA | K17: ='ORÇAMENTO SINTÉTICO - ONE'!L130 -> 428830.93
B18: 10 | E18: ='ORÇAMENTO SINTÉTICO - ONE'!E136 -> FORROS | K18: ='ORÇAMENTO SINTÉTICO - ONE'!L136 -> 83983.65
B19: 11 | E19: ='ORÇAMENTO SINTÉTICO - ONE'!E139 -> REVESTIMENTO DE PAREDES | K19: ='ORÇAMENTO SINTÉTICO - ONE'!L139 -> 89136.42
B20: 12 | E20: ='ORÇAMENTO SINTÉTICO - ONE'!E144 -> PAVIMENTAÇÃO | K20: ='ORÇAMENTO SINTÉTICO - ONE'!L144 -> 393779.93
B21: 13 | E21: ='ORÇAMENTO SINTÉTICO - ONE'!E153 -> PINTURAS | K21: ='ORÇAMENTO SINTÉTICO - ONE'!L153 -> 105004.84
B22: 14 | E22: ='ORÇAMENTO SINTÉTICO - ONE'!E169 -> APARELHOS SANITÁRIOS | K22: ='ORÇAMENTO SINTÉTICO - ONE'!L169 -> 67756.46
B23: 15 | E23: ='ORÇAMENTO SINTÉTICO - ONE'!E192 -> INSTALAÇÕES | K23: ='ORÇAMENTO SINTÉTICO - ONE'!L192 -> 943436.03
B24: 16 | E24: ='ORÇAMENTO SINTÉTICO - ONE'!E372 -> SERVIÇOS COMPLEMENTARES | K24: ='ORÇAMENTO SINTÉTICO - ONE'!L372 -> 68796.62
B26: BASE: | C26: AGETOP CIVIL - 02/2025 - Goiás / SINAPI - 05/2025 - Goiás / ORSE - 04/2025 - Sergipe / SEDOP - 02/2025 - Pará / SEINFRA - 028 - Ceará / SETOP - 01/2025 - Minas Gerais / IOPES - 03/2025 - Espírito Santo / SIURB - 01/2025 - São Paulo / CPOS/CDHU - 04/2025 - São Paulo / AGESUL - 01/2025 - Mato Grosso do Sul / EMBASA - 01/2025 / EMOP - 05/2025 - Rio de Janeiro | I26: Total sem BDI | K26: ='ORÇAMENTO SINTÉTICO - ONE'!L378 -> 3155725.8
I27: Total do BDI | K27: ='ORÇAMENTO SINTÉTICO - ONE'!L379 -> 718505.37
I28: Total Geral | K28: =SUM(K9:K24) -> 3874231.1

Sheet ORÇAMENTO SINTÉTICO - ONE
B1: ORÇAMENTO SINTÉTICO SEM DESONERAÇÃO
B3: OBJETO: | C3: ='ORÇAMENTO RESUMO (SD)'!C3 -> REFORMA / AMPLIAÇÃO - TERMINAL DE PASSAGEIROS DE ITUMBIARA | F3: DATA: | G3: ='ORÇAMENTO RESUMO (SD)'!G3 -> 27/06/2025 | K3: ENCARGOS SOCIAIS HORISTAS: | L3: ='ENCARGOS SOCIAIS'!F43 -> 1.1737
B4: LOCAL: | C4: ='ORÇAMENTO RESUMO (SD)'!C4 -> AVENIDA ITUMBIARA, N. 1391, RESIDENCIAL JARDIM PRIMAVERA, ITUMBIARA - GO | F4: REVISÃO: | G4: ='ORÇAMENTO RESUMO (SD)'!G4 -> 00 | K4: ENCARGOS SOCIAIS MENSALISTAS: | L4: ='ENCARGOS SOCIAIS'!G43 -> 0.7419
F5: PRAZO: | G5: ='ORÇAMENTO RESUMO (SD)'!G5 -> 06 MESES | K5: BDI OBRA: | L5: ='DADOS DA OBRA'!$F$22 -> 0.2365
K6: BDI DIFERENCIADO: | L6: ='DADOS DA OBRA'!$F$25 -> 0.1948
B8: Item | C8: Código | D8: Banco | E8: Descrição | F8: Und | G8: Qtd | H8: Valor Unit | I8: Valor Total sem BDI | J8: BDI | K8: Valor Unit com BDI | L8: Valor Total com BDI
B9: 1 | E9: ADMINISTRAÇÃO LOCAL | I9: =SUBTOTAL(9,I10:I16) -> 276109.85 | L9: =SUBTOTAL(9,L10:L16) -> 341358.58
B10: 1.1 | C10: 250101 | D10: AGETOP CIVIL | E10: ENGENHEIRO - (OBRAS CIVIS) | F10: H | G10: 720 | H10: 102.16 | I10: =TRUNC(G10 * H10, 2) -> 73555.2 | J10: =+$L$5 -> 0.2365 | K10: =TRUNC(H10 * (1 + J10), 2) -> 126.32 | L10: =TRUNC(G10 * K10, 2) -> 90950.4
B11: 1.2 | C11: 250102 | D11: AGETOP CIVIL | E11: MESTRE DE OBRA - (OBRAS CIVIS) | F11: H | G11: 1320 | H11: 51.73 | I11: =TRUNC(G11 * H11, 2) -> 68283.6 | J11: =+$L$5 -> 0.2365 | K11: =TRUNC(H11 * (1 + J11), 2) -> 63.96 | L11: =TRUNC(G11 * K11, 2) -> 84427.2
B12: 1.3 | C12: 250105 | D12: AGETOP CIVIL | E12: ALMOXARIFE - (OBRAS CIVIS) | F12: H | G12: 1320 | H12: 18.76 | I12: =TRUNC(G12 * H12, 2) -> 24763.2 | J12: =+$L$5 -> 0.2365 | K12: =TRUNC(H12 * (1 + J12), 2) -> 23.19 | L12: =TRUNC(G12 * K12, 2) -> 30610.8
B13: 1.4 | C13: 021602 | D13: AGETOP CIVIL | E13: EPI/PGR/PCMSO/EXAMES/TREINAMENTOS/VISITAS - ÁREAS EDIFICADAS/COBERTAS/FECHADAS | F13: m² | G13: 602.46 | H13: 48.22 | I13: =TRUNC(G13 * H13, 2) -> 29050.62 | J13: =+$L$5 -> 0.2365 | K13: =TRUNC(H13 * (1 + J13), 2) -> 59.62 | L13: =TRUNC(G13 * K13, 2) -> 35918.66
B14: 1.5 | C14: 020200 | D14: AGETOP CIVIL | E14: FERRAMENTAS (MANUAIS/ELÉTRICAS) E MATERIAL DE LIMPEZA PERMANENTE DA OBRA - ÁREAS EDIFICADAS/COBERTAS/FECHADAS | F14: m² | G14: 602.46 | H14: 6.91 | I14: =TRUNC(G14 * H14, 2) -> 4162.99 | J14: =+$L$5 -> 0.2365 | K14: =TRUNC(H14 * (1 + J14), 2) -> 8.54 | L14: =TRUNC(G14 * K14, 2) -> 5145
B15: 1.6 | C15: 271502 | D15: AGETOP CIVIL | E15: CANTINA - (OBRAS CIVIS) | F15: RE | G15: 2948 | H15: 22.5 | I15: =TRUNC(G15 * H15, 2) -> 66330 | J15: =+$L$5 -> 0.2365 | K15: =TRUNC(H15 * (1 + J15), 2) -> 27.82 | L15: =TRUNC(G15 * K15, 2) -> 82013.36
B16: 1.7 | C16: 271500 | D16: AGETOP CIVIL | E16: CAFE DA MANHA | F16: RE | G16: 2948 | H16: 3.38 | I16: =TRUNC(G16 * H16, 2) -> 9964.24 | J16: =+$L$5 -> 0.2365 | K16: =TRUNC(H16 * (1 + J16), 2) -> 4.17 | L16: =TRUNC(G16 * K16, 2) -> 12293.16
B17: 2 | E17: CANTEIRO | I17: =SUBTOTAL(9,I18:I28) -> 126076.5 | L17: =SUBTOTAL(9,L18:L28) -> 155871.3
B18: 2.1 | C18: 020212 | D18: AGETOP CIVIL | E18: BARRACÃO DE OBRAS PADRÃO GOINFRA ( BLOCOS,COBERTURAS,PASSARELAS E MÓVEIS), SEM ALOJAMENTO E LAVANDERIA , COM PINTURA, EM CONSONÂNCIA COM AS NR'S, EM ESPECIAL A NR-18, INCLUSO INSTALAÇÕES ELÉTRICAS E HIDROSSANITÁRIAS - ( COM REAPROVEITAMENTO 1 VEZ ). | F18: m² | G18: 176.97 | H18: 303.95 | I18: =TRUNC(G18 * H18, 2) -> 53790.03 | J18: =+$L$5 -> 0.2365 | K18: =TRUNC(H18 * (1 + J18), 2) -> 375.83 | L18: =TRUNC(G18 * K18, 2) -> 66510.63
B19: 2.2 | C19: 020303 | D19: AGETOP CIVIL | E19: DEPÓSITO PARA CIMENTO TIPO II COM PINTURA PADRÃO GOINFRA (3,30 X 3,30 M) A=10,89 M2 (C/ REAPROV. 1 VEZ ) - INCLUSO PALETES | F19: un | G19: 1 | H19: 3675.93 | I19: =TRUNC(G19 * H19, 2) -> 3675.93 | J19: =+$L$5 -> 0.2365 | K19: =TRUNC(H19 * (1 + J19), 2) -> 4545.28 | L19: =TRUNC(G19 * K19, 2) -> 4545.28
B20: 2.3 | C20: 020400 | D20: AGETOP CIVIL | E20: LIGAÇÃO PROVISÓRIA DE ÁGUA (INCLUSO RETIRADA DO ESGOTO SANITÁRIO) - PD. GOINFRA | F20: Un | G20: 1 | H20: 3482.69 | I20: =TRUNC(G20 * H20, 2) -> 3482.69 | J20: =+$L$5 -> 0.2365 | K20: =TRUNC(H20 * (1 + J20), 2) -> 4306.34 | L20: =TRUNC(G20 * K20, 2) -> 4306.34
B21: 2.4 | C21: 020501 | D21: AGETOP CIVIL | E21: LIGAÇÃO PROVISÓRIA LUZ E FORÇA - PD. GOINFRA | F21: Un | G21: 1 | H21: 4847.87 | I21: =TRUNC(G21 * H21, 2) -> 4847.87 | J21: =+$L$5 -> 0.2365 | K21: =TRUNC(H21 * (1 + J21), 2) -> 5994.39 | L21: =TRUNC(G21 * K21, 2) -> 5994.39
B22: 2.5 | C22: 020600 | D22: AGETOP CIVIL | E22: TAPUME EM CHAPA COMPENSADA RESINADA 6MM COM PORTÕES E FERRAGENS - PADRÃO GOINFRA | F22: m² | G22: 173.8 | H22: 75.97 | I22: =TRUNC(G22 * H22, 2) -> 13203.58 | J22: =+$L$5 -> 0.2365 | K22: =TRUNC(H22 * (1 + J22), 2) -> 93.93 | L22: =TRUNC(G22 * K22, 2) -> 16325.03
B23: 2.6 | C23: 021301 | D23: AGETOP CIVIL | E23: PLACA DE OBRA PLOTADA EM CHAPA METÁLICA 26 , AFIXADA EM CAVALETES DE MADEIRA DE LEI (VIGOTAS 6X12CM) - PADRÃO GOINFRA | F23: m² | G23: 7.5 | H23: 372.37 | I23: =TRUNC(G23 * H23, 2) -> 2792.77 | J23: =+$L$5 -> 0.2365 | K23: =TRUNC(H23 * (1 + J23), 2) -> 460.43 | L23: =TRUNC(G23 * K23, 2) -> 3453.22
B24: 2.7 | C24: 021399 | D24: AGETOP CIVIL | E24: CONSUMO DE ESGOTO | F24: m³ | G24: 278.82 | H24: 9.38 | I24: =TRUNC(G24 * H24, 2) -> 2615.33 | J24: =+$L$5 -> 0.2365 | K24: =TRUNC(H24 * (1 + J24), 2) -> 11.59 | L24: =TRUNC(G24 * K24, 2) -> 3231.52
B25: 2.8 | C25: 021400 | D25: AGETOP CIVIL | E25: CONSUMO DE ÁGUA | F25: m³ | G25: 278.82 | H25: 11.73 | I25: =TRUNC(G25 * H25, 2) -> 3270.55 | J25: =+$L$5 -> 0.2365 | K25: =TRUNC(H25 * (1 + J25), 2) -> 14.5 | L25: =TRUNC(G25 * K25, 2) -> 4042.89
B26: 2.9 | C26: 021401 | D26: AGETOP CIVIL | E26: CONSUMO DE ENERGIA ELÉTRICA | F26: KWH | G26: 1985.21 | H26: 0.92 | I26: =TRUNC(G26 * H26, 2) -> 1826.39 | J26: =+$L$5 -> 0.2365 | K26: =TRUNC(H26 * (1 + J26), 2) -> 1.13 | L26: =TRUNC(G26 * K26, 2) -> 2243.28
B27: 2.10 | C27: 060104 | D27: AGETOP CIVIL | E27: ANDAIME METALICO TORRE (ALUGUEL/MES) | F27: mxmes | G27: 384 | H27: 35.49 | I27: =TRUNC(G27 * H27, 2) -> 13628.16 | J27: =+$L$5 -> 0.2365 | K27: =TRUNC(H27 * (1 + J27), 2) -> 43.88 | L27: =TRUNC(G27 * K27, 2) -> 16849.92
B28: 2.11 | C28: 62.00.95 | D28: EMBASA | E28: VIGILÂNCIA REMOTA COM CFTV, POR CÂMERA MES | F28: UNx | G28: 80 | H28: 286.79 | I28: =TRUNC(G28 * H28, 2) -> 22943.2 | J28: =+$L$5 -> 0.2365 | K28: =TRUNC(H28 * (1 + J28), 2) -> 354.61 | L28: =TRUNC(G28 * K28, 2) -> 28368.8
B29: 3 | E29: SERVIÇOS PRELIMINARES | I29: =SUBTOTAL(9,I30:I43) -> 20752.99 | K29: =SUBTOTAL(9,K30:K43) -> 1067.61 | L29: =SUBTOTAL(9,L30:L43) -> 25647.09
B30: 3.1 | E30: DEMOLIÇÕES | I30: =SUBTOTAL(9,I31:I37) -> 4939.47 | K30: =SUBTOTAL(9,K31:K37) -> 933.6 | L30: =SUBTOTAL(9,L31:L37) -> 6100.66
B31: 3.1.1 | C31: 020102 | D31: AGETOP CIVIL | E31: DEMOLICAO MANUAL COBERTURA TELHA FIBROCIMENTO/FIBRA DE VIDRO/SIMILARES C/ TRANSP. ATÉ CB. E CARGA | F31: m² | G31: 76.75 | H31: 3.52 | I31: =TRUNC(G31 * H31, 2) -> 270.16 | J31: =+$L$5 -> 0.2365 | K31: =TRUNC(H31 * (1 + J31), 2) -> 4.35 | L31: =TRUNC(G31 * K31, 2) -> 333.86
B32: 3.1.2 | C32: 020103 | D32: AGETOP CIVIL | E32: DEMOLIÇÃO MANUAL ESTRUTURA EM MADEIRA TELHADO COM TRANSPORTE ATÉ CAÇAMBA E CARGA | F32: m² | G32: 76.75 | H32: 18.34 | I32: =TRUNC(G32 * H32, 2) -> 1407.59 | J32: =+$L$5 -> 0.2365 | K32: =TRUNC(H32 * (1 + J32), 2) -> 22.67 | L32: =TRUNC(G32 * K32, 2) -> 1739.92
B33: 3.1.3 | C33: 020112 | D33: AGETOP CIVIL | E33: DEMOLIÇÃO MANUAL DE PISO CERÂMICO INCLUSIVE RETIRADA DE CONTRAPISO SOBRE LASTRO DE CONCRETO COM TRANSPORTE ATÉ CAÇAMBA E CARGA | F33: m² | G33: 76.75 | H33: 18.51 | I33: =TRUNC(G33 * H33, 2) -> 1420.64 | J33: =+$L$5 -> 0.2365 | K33: =TRUNC(H33 * (1 + J33), 2) -> 22.88 | L33: =TRUNC(G33 * K33, 2) -> 1756.04
B34: 3.1.4 | C34: 020118 | D34: AGETOP CIVIL | E34: DEMOLIÇÃO MANUAL ALVENARIA TIJOLO SEM REAPROVEITAMENTO COM TRANSPORTE ATE CAÇAMBA E CARGA | F34: m³ | G34: 15.94 | H34: 44.1 | I34: =TRUNC(G34 * H34, 2) -> 702.95 | J34: =+$L$5 -> 0.2365 | K34: =TRUNC(H34 * (1 + J34), 2) -> 54.52 | L34: =TRUNC(G34 * K34, 2) -> 869.04
B35: 3.1.5 | C35: 020128 | D35: AGETOP CIVIL | E35: DEMOLIÇÃO MANUAL DE PILAR EM CONCRETO ARMADO COM TRANSPORTE ATE A CAÇAMBA E CARGA | F35: m³ | G35: 1.01 | H35: 317.53 | I35: =TRUNC(G35 * H35, 2) -> 320.7 | J35: =+$L$5 -> 0.2365 | K35: =TRUNC(H35 * (1 + J35), 2) -> 392.62 | L35: =TRUNC(G35 * K35, 2) -> 396.54
B36: 3.1.6 | C36: 020129 | D36: AGETOP CIVIL | E36: DEMOLIÇÃO MANUAL DE VIGA EM CONCRETO ARMADO COM TRANSPORTE ATÉ CAÇAMBA E CARGA | F36: m³ | G36: 1.89 | H36: 352.82 | I36: =TRUNC(G36 * H36, 2) -> 666.82 | J36: =+$L$5 -> 0.2365 | K36: =TRUNC(H36 * (1 + J36), 2) -> 436.26 | L36: =TRUNC(G36 * K36, 2) -> 824.53
B37: 3.1.7 | C37: 020190 | D37: AGETOP CIVIL | E37: LIMPEZA MECÂNICA DE TERRENO | F37: m² | G37: 602.46 | H37: 0.25 | I37: =TRUNC(G37 * H37, 2) -> 150.61 | J37: =+$L$5 -> 0.2365 | K37: =TRUNC(H37 * (1 + J37), 2) -> 0.3 | L37: =TRUNC(G37 * K37, 2) -> 180.73
B38: 3.2 | E38: TRANSPORTES | I38: =SUBTOTAL(9,I39) -> 11491.41 | L38: =SUBTOTAL(9,L39) -> 14207.96
B39: 3.2.1 | C39: 030104 | D39: AGETOP CIVIL | E39: TRANSPORTE DE ENTULHO CAÇAMBA ESTACIONÁRIA SEM CARGA | F39: m³ | G39: 136.51 | H39: 84.18 | I39: =TRUNC(G39 * H39, 2) -> 11491.41 | J39: =+$L$5 -> 0.2365 | K39: =TRUNC(H39 * (1 + J39), 2) -> 104.08 | L39: =TRUNC(G39 * K39, 2) -> 14207.96
B40: 3.3 | E40: MOVIMENTO DE TERRA E LOCAÇÕES | I40: =SUBTOTAL(9,I41:I43) -> 4322.11 | L40: =SUBTOTAL(9,L41:L43) -> 5338.47
B41: 3.3.1 | C41: 041146 | D41: AGETOP CIVIL | E41: FORNECIMENTO DE SOLO PARA ATERRO - EXCLUSO TRANSPORTE PARA OBRA | F41: m³ | G41: 60.25 | H41: 14.62 | I41: =TRUNC(G41 * H41, 2) -> 880.85 | J41: =+$L$5 -> 0.2365 | K41: =TRUNC(H41 * (1 + J41), 2) -> 18.07 | L41: =TRUNC(G41 * K41, 2) -> 1088.71
B42: 3.3.2 | C42: 040904 | D42: AGETOP CIVIL | E42: REATERRO COM APILOAMENTO MECÂNICO | F42: m³ | G42: 60.25 | H42: 4.32 | I42: =TRUNC(G42 * H42, 2) -> 260.28 | J42: =+$L$5 -> 0.2365 | K42: =TRUNC(H42 * (1 + J42), 2) -> 5.34 | L42: =TRUNC(G42 * K42, 2) -> 321.73
B43: 3.3.3 | C43: 020701 | D43: AGETOP CIVIL | E43: LOCAÇÃO DA OBRA, EXECUÇÃO DE GABARITO SEM REAPROVEITAMENTO, INCLUSO PINTURA (FACE INTERNA DO RIPÃO 15CM) E PIQUETE COM TESTEMUNHA | F43: m² | G43: 602.46 | H43: 5.28 | I43: =TRUNC(G43 * H43, 2) -> 3180.98 | J43: =+$L$5 -> 0.2365 | K43: =TRUNC(H43 * (1 + J43), 2) -> 6.52 | L43: =TRUNC(G43 * K43, 2) -> 3928.03
B44: 4 | E44: FUNDAÇÕES | I44: =SUBTOTAL(9,I45:I78) -> 127659.57 | L44: =SUBTOTAL(9,L45:L78) -> 157817.71
B45: 4.1 | E45: ESTACAS | I45: =SUBTOTAL(9,I46:I51) -> 70879.33 | L45: =SUBTOTAL(9,L46:L51) -> 87622.34
B46: 4.1.1 | C46: 00112 | D46: Próprio | E46: CÓPIA DE FDE (02.02.101) - ESTACA ESCAVADA MECANICAMENTE DIAM 30CM, EXCLUSO CONCRETO. (Adaptado para atendimento ao Decreto Estadual 9900/2021). | F46: M | G46: 699 | H46: 23.76 | I46: =TRUNC(G46 * H46, 2) -> 16608.24 | J46: =+$L$5 -> 0.2365 | K46: =TRUNC(H46 * (1 + J46), 2) -> 29.37 | L46: =TRUNC(G46 * K46, 2) -> 20529.63
B47: 4.1.2 | C47: 060524 | D47: AGETOP CIVIL | E47: CONCRETO USINADO BOMBEÁVEL FCK=25 MPA (O.C.) | F47: m³ | G47: 49.41 | H47: 599.76 | I47: =TRUNC(G47 * H47, 2) -> 29634.14 | J47: =+$L$5 -> 0.2365 | K47: =TRUNC(H47 * (1 + J47), 2) -> 741.6 | L47: =TRUNC(G47 * K47, 2) -> 36642.45
B48: 4.1.3 | C48: 051060 | D48: AGETOP CIVIL | E48: LANÇAMENTO/APLICAÇÃO/ADENSAMENTO DE CONCRETO USINADO BOMBEADO EM FUNDAÇÃO | F48: m³ | G48: 49.41 | H48: 44.79 | I48: =TRUNC(G48 * H48, 2) -> 2213.07 | J48: =+$L$5 -> 0.2365 | K48: =TRUNC(H48 * (1 + J48), 2) -> 55.38 | L48: =TRUNC(G48 * K48, 2) -> 2736.32
B49: 4.1.4 | C49: 051045 | D49: AGETOP CIVIL | E49: TAXA DE BOMBEAMENTO CONCRETO MÍNIMO - 10 M3 (O.C.) | F49: m³ | G49: 49.41 | H49: 57.5 | I49: =TRUNC(G49 * H49, 2) -> 2841.07 | J49: =+$L$5 -> 0.2365 | K49: =TRUNC(H49 * (1 + J49), 2) -> 71.09 | L49: =TRUNC(G49 * K49, 2) -> 3512.55
B50: 4.1.5 | C50: 052014 | D50: AGETOP CIVIL | E50: ACO CA-60 - 5,0 MM - (OBRAS CIVIS) | F50: Kg | G50: 315 | H50: 12.25 | I50: =TRUNC(G50 * H50, 2) -> 3858.75 | J50: =+$L$5 -> 0.2365 | K50: =TRUNC(H50 * (1 + J50), 2) -> 15.14 | L50: =TRUNC(G50 * K50, 2) -> 4769.1
B51: 4.1.6 | C51: 052005 | D51: AGETOP CIVIL | E51: ACO CA-50A - 10,0 MM (3/8") - (OBRAS CIVIS) | F51: Kg | G51: 1437.3 | H51: 10.94 | I51: =TRUNC(G51 * H51, 2) -> 15724.06 | J51: =+$L$5 -> 0.2365 | K51: =TRUNC(H51 * (1 + J51), 2) -> 13.52 | L51: =TRUNC(G51 * K51, 2) -> 19432.29
B52: 4.2 | E52: BLOCOS | I52: =SUBTOTAL(9,I53:I64) -> 15750.01 | L52: =SUBTOTAL(9,L53:L64) -> 19470.85
B53: 4.2.1 | C53: 050901 | D53: AGETOP CIVIL | E53: ESCAVACAO MANUAL DE VALAS (SAPATAS/BLOCOS) | F53: m³ | G53: 12.19 | H53: 49.71 | I53: =TRUNC(G53 * H53, 2) -> 605.96 | J53: =+$L$5 -> 0.2365 | K53: =TRUNC(H53 * (1 + J53), 2) -> 61.46 | L53: =TRUNC(G53 * K53, 2) -> 749.19
B54: 4.2.2 | C54: 050902 | D54: AGETOP CIVIL | E54: APILOAMENTO (BLOCOS/SAPATAS) | F54: m² | G54: 22.71 | H54: 6.12 | I54: =TRUNC(G54 * H54, 2) -> 138.98 | J54: =+$L$5 -> 0.2365 | K54: =TRUNC(H54 * (1 + J54), 2) -> 7.56 | L54: =TRUNC(G54 * K54, 2) -> 171.68
B55: 4.2.3 | C55: 051024 | D55: AGETOP CIVIL | E55: PREPARO COM BETONEIRA E TRANSPORTE MANUAL DE CONCRETO PARA LASTRO - (O.C.) | F55: m³ | G55: 1.14 | H55: 488.42 | I55: =TRUNC(G55 * H55, 2) -> 556.79 | J55: =+$L$5 -> 0.2365 | K55: =TRUNC(H55 * (1 + J55), 2) -> 603.93 | L55: =TRUNC(G55 * K55, 2) -> 688.48
B56: 4.2.4 | C56: 200105 | D56: AGETOP CIVIL | E56: CHAPISCO COM PEDRISCO | F56: m² | G56: 75.66 | H56: 8.57 | I56: =TRUNC(G56 * H56, 2) -> 648.4 | J56: =+$L$5 -> 0.2365 | K56: =TRUNC(H56 * (1 + J56), 2) -> 10.59 | L56: =TRUNC(G56 * K56, 2) -> 801.23
B57: 4.2.5 | C57: 051037 | D57: AGETOP CIVIL | E57: CONCRETO USINADO BOMBEÁVEL FCK=30 MPA (O.C.) | F57: m³ | G57: 12.19 | H57: 616.92 | I57: =TRUNC(G57 * H57, 2) -> 7520.25 | J57: =+$L$5 -> 0.2365 | K57: =TRUNC(H57 * (1 + J57), 2) -> 762.82 | L57: =TRUNC(G57 * K57, 2) -> 9298.77
B58: 4.2.6 | C58: 051060 | D58: AGETOP CIVIL | E58: LANÇAMENTO/APLICAÇÃO/ADENSAMENTO DE CONCRETO USINADO BOMBEADO EM FUNDAÇÃO | F58: m³ | G58: 12.19 | H58: 44.79 | I58: =TRUNC(G58 * H58, 2) -> 545.99 | J58: =+$L$5 -> 0.2365 | K58: =TRUNC(H58 * (1 + J58), 2) -> 55.38 | L58: =TRUNC(G58 * K58, 2) -> 675.08
B59: 4.2.7 | C59: 051045 | D59: AGETOP CIVIL | E59: TAXA DE BOMBEAMENTO CONCRETO MÍNIMO - 10 M3 (O.C.) | F59: m³ | G59: 12.19 | H59: 57.5 | I59: =TRUNC(G59 * H59, 2) -> 700.92 | J59: =+$L$5 -> 0.2365 | K59: =TRUNC(H59 * (1 + J59), 2) -> 71.09 | L59: =TRUNC(G59 * K59, 2) -> 866.58
B60: 4.2.8 | C60: 052014 | D60: AGETOP CIVIL | E60: ACO CA-60 - 5,0 MM - (OBRAS CIVIS) | F60: Kg | G60: 195 | H60: 12.25 | I60: =TRUNC(G60 * H60, 2) -> 2388.75 | J60: =+$L$5 -> 0.2365 | K60: =TRUNC(H60 * (1 + J60), 2) -> 15.14 | L60: =TRUNC(G60 * K60, 2) -> 2952.3
B61: 4.2.9 | C61: 052003 | D61: AGETOP CIVIL | E61: ACO CA-50A - 6,3 MM (1/4") - (OBRAS CIVIS) | F61: Kg | G61: 13.2 | H61: 11.05 | I61: =TRUNC(G61 * H61, 2) -> 145.86 | J61: =+$L$5 -> 0.2365 | K61: =TRUNC(H61 * (1 + J61), 2) -> 13.66 | L61: =TRUNC(G61 * K61, 2) -> 180.31
B62: 4.2.10 | C62: 052004 | D62: AGETOP CIVIL | E62: ACO CA 50-A - 8,0 MM (5/16") - (OBRAS CIVIS) | F62: Kg | G62: 40.6 | H62: 11.03 | I62: =TRUNC(G62 * H62, 2) -> 447.81 | J62: =+$L$5 -> 0.2365 | K62: =TRUNC(H62 * (1 + J62), 2) -> 13.63 | L62: =TRUNC(G62 * K62, 2) -> 553.37
B63: 4.2.11 | C63: 052005 | D63: AGETOP CIVIL | E63: ACO CA-50A - 10,0 MM (3/8") - (OBRAS CIVIS) | F63: Kg | G63: 134.9 | H63: 10.94 | I63: =TRUNC(G63 * H63, 2) -> 1475.8 | J63: =+$L$5 -> 0.2365 | K63: =TRUNC(H63 * (1 + J63), 2) -> 13.52 | L63: =TRUNC(G63 * K63, 2) -> 1823.84
B64: 4.2.12 | C64: 052006 | D64: AGETOP CIVIL | E64: ACO CA 50-A - 12,5 MM (1/2") - (OBRAS CIVIS) | F64: Kg | G64: 48.4 | H64: 11.87 | I64: =TRUNC(G64 * H64, 2) -> 574.5 | J64: =+$L$5 -> 0.2365 | K64: =TRUNC(H64 * (1 + J64), 2) -> 14.67 | L64: =TRUNC(G64 * K64, 2) -> 710.02
B65: 4.3 | E65: VIGAS BALDRAMES | I65: =SUBTOTAL(9,I66:I78) -> 41030.23 | L65: =SUBTOTAL(9,L66:L78) -> 50724.52
B66: 4.3.1 | C66: 040101 | D66: AGETOP CIVIL | E66: ESCAVACAO MANUAL DE VALAS < 1 MTS. (OBRAS CIVIS) | F66: m³ | G66: 81.47 | H66: 39.25 | I66: =TRUNC(G66 * H66, 2) -> 3197.69 | J66: =+$L$5 -> 0.2365 | K66: =TRUNC(H66 * (1 + J66), 2) -> 48.53 | L66: =TRUNC(G66 * K66, 2) -> 3953.73
B67: 4.3.2 | C67: 040905 | D67: AGETOP CIVIL | E67: APILOAMENTO MECÂNICO | F67: m² | G67: 271.56 | H67: 0.48 | I67: =TRUNC(G67 * H67, 2) -> 130.34 | J67: =+$L$5 -> 0.2365 | K67: =TRUNC(H67 * (1 + J67), 2) -> 0.59 | L67: =TRUNC(G67 * K67, 2) -> 160.22
B68: 4.3.3 | C68: 040904 | D68: AGETOP CIVIL | E68: REATERRO COM APILOAMENTO MECÂNICO | F68: m³ | G68: 68.66 | H68: 4.32 | I68: =TRUNC(G68 * H68, 2) -> 296.61 | J68: =+$L$5 -> 0.2365 | K68: =TRUNC(H68 * (1 + J68), 2) -> 5.34 | L68: =TRUNC(G68 * K68, 2) -> 366.64
B69: 4.3.4 | C69: 051024 | D69: AGETOP CIVIL | E69: PREPARO COM BETONEIRA E TRANSPORTE MANUAL DE CONCRETO PARA LASTRO - (O.C.) | F69: m³ | G69: 2.72 | H69: 488.42 | I69: =TRUNC(G69 * H69, 2) -> 1328.5 | J69: =+$L$5 -> 0.2365 | K69: =TRUNC(H69 * (1 + J69), 2) -> 603.93 | L69: =TRUNC(G69 * K69, 2) -> 1642.68
B70: 4.3.5 | C70: 051009 | D70: AGETOP CIVIL | E70: FORMA TABUA PINHO PARA FUNDACOES U=3V - (OBRAS CIVIS) | F70: m² | G70: 205.26 | H70: 81.25 | I70: =TRUNC(G70 * H70, 2) -> 16677.37 | J70: =+$L$5 -> 0.2365 | K70: =TRUNC(H70 * (1 + J70), 2) -> 100.46 | L70: =TRUNC(G70 * K70, 2) -> 20620.41
B71: 4.3.6 | C71: 051037 | D71: AGETOP CIVIL | E71: CONCRETO USINADO BOMBEÁVEL FCK=30 MPA (O.C.) | F71: m³ | G71: 12.81 | H71: 616.92 | I71: =TRUNC(G71 * H71, 2) -> 7902.74 | J71: =+$L$5 -> 0.2365 | K71: =TRUNC(H71 * (1 + J71), 2) -> 762.82 | L71: =TRUNC(G71 * K71, 2) -> 9771.72
B72: 4.3.7 | C72: 051060 | D72: AGETOP CIVIL | E72: LANÇAMENTO/APLICAÇÃO/ADENSAMENTO DE CONCRETO USINADO BOMBEADO EM FUNDAÇÃO | F72: m³ | G72: 12.81 | H72: 44.79 | I72: =TRUNC(G72 * H72, 2) -> 573.75 | J72: =+$L$5 -> 0.2365 | K72: =TRUNC(H72 * (1 + J72), 2) -> 55.38 | L72: =TRUNC(G72 * K72, 2) -> 709.41
B73: 4.3.8 | C73: 051045 | D73: AGETOP CIVIL | E73: TAXA DE BOMBEAMENTO CONCRETO MÍNIMO - 10 M3 (O.C.) | F73: m³ | G73: 12.81 | H73: 57.5 | I73: =TRUNC(G73 * H73, 2) -> 736.57 | J73: =+$L$5 -> 0.2365 | K73: =TRUNC(H73 * (1 + J73), 2) -> 71.09 | L73: =TRUNC(G73 * K73, 2) -> 910.66
B74: 4.3.9 | C74: 052014 | D74: AGETOP CIVIL | E74: ACO CA-60 - 5,0 MM - (OBRAS CIVIS) | F74: Kg | G74: 220.8 | H74: 12.25 | I74: =TRUNC(G74 * H74, 2) -> 2704.8 | J74: =+$L$5 -> 0.2365 | K74: =TRUNC(H74 * (1 + J74), 2) -> 15.14 | L74: =TRUNC(G74 * K74, 2) -> 3342.91
B75: 4.3.10 | C75: 052003 | D75: AGETOP CIVIL | E75: ACO CA-50A - 6,3 MM (1/4") - (OBRAS CIVIS) | F75: Kg | G75: 0.2 | H75: 11.05 | I75: =TRUNC(G75 * H75, 2) -> 2.21 | J75: =+$L$5 -> 0.2365 | K75: =TRUNC(H75 * (1 + J75), 2) -> 13.66 | L75: =TRUNC(G75 * K75, 2) -> 2.73
B76: 4.3.11 | C76: 052004 | D76: AGETOP CIVIL | E76: ACO CA 50-A - 8,0 MM (5/16") - (OBRAS CIVIS) | F76: Kg | G76: 246.8 | H76: 11.03 | I76: =TRUNC(G76 * H76, 2) -> 2722.2 | J76: =+$L$5 -> 0.2365 | K76: =TRUNC(H76 * (1 + J76), 2) -> 13.63 | L76: =TRUNC(G76 * K76, 2) -> 3363.88
B77: 4.3.12 | C77: 052005 | D77: AGETOP CIVIL | E77: ACO CA-50A - 10,0 MM (3/8") - (OBRAS CIVIS) | F77: Kg | G77: 240 | H77: 10.94 | I77: =TRUNC(G77 * H77, 2) -> 2625.6 | J77: =+$L$5 -> 0.2365 | K77: =TRUNC(H77 * (1 + J77), 2) -> 13.52 | L77: =TRUNC(G77 * K77, 2) -> 3244.8
B78: 4.3.13 | C78: 052006 | D78: AGETOP CIVIL | E78: ACO CA 50-A - 12,5 MM (1/2") - (OBRAS CIVIS) | F78: Kg | G78: 179.6 | H78: 11.87 | I78: =TRUNC(G78 * H78, 2) -> 2131.85 | J78: =+$L$5 -> 0.2365 | K78: =TRUNC(H78 * (1 + J78), 2) -> 14.67 | L78: =TRUNC(G78 * K78, 2) -> 2634.73
B79: 5 | E79: SUPERESTRUTURA | G79: 1 | I79: =SUBTOTAL(9,I80:I92) -> 197405.17 | L79: =SUBTOTAL(9,L80:L92) -> 244056.67
B80: 5.1 | C80: 060213 | D80: AGETOP CIVIL | E80: FORMA CHAPA DE COMPENSADO PLASTIFICADO 12MM-VIGA/PILAR U=2V - (OBRAS CIVIS) | F80: m² | G80: 748.09 | H80: 135.77 | I80: =TRUNC(G80 * H80, 2) -> 101568.17 | J80: =+$L$5 -> 0.2365 | K80: =TRUNC(H80 * (1 + J80), 2) -> 167.87 | L80: =TRUNC(G80 * K80, 2) -> 125581.86
B81: 5.2 | C81: 060103 | D81: AGETOP CIVIL | E81: ESCORAMENTO METALICO - VIGAS/LAJES (ALUGUEL/MES) | F81: m² | G81: 340.88 | H81: 22.7 | I81: =TRUNC(G81 * H81, 2) -> 7737.97 | J81: =+$L$5 -> 0.2365 | K81: =TRUNC(H81 * (1 + J81), 2) -> 28.06 | L81: =TRUNC(G81 * K81, 2) -> 9565.09
B82: 5.3 | C82: 060314 | D82: AGETOP CIVIL | E82: ACO CA - 60 - 5,0 MM - (OBRAS CIVIS) | F82: Kg | G82: 844.7 | H82: 12.25 | I82: =TRUNC(G82 * H82, 2) -> 10347.57 | J82: =+$L$5 -> 0.2365 | K82: =TRUNC(H82 * (1 + J82), 2) -> 15.14 | L82: =TRUNC(G82 * K82, 2) -> 12788.75
B83: 5.4 | C83: 060303 | D83: AGETOP CIVIL | E83: ACO CA-50-A - 6,3 MM (1/4") - (OBRAS CIVIS) | F83: Kg | G83: 59.8 | H83: 11.05 | I83: =TRUNC(G83 * H83, 2) -> 660.79 | J83: =+$L$5 -> 0.2365 | K83: =TRUNC(H83 * (1 + J83), 2) -> 13.66 | L83: =TRUNC(G83 * K83, 2) -> 816.86
B84: 5.5 | C84: 060304 | D84: AGETOP CIVIL | E84: ACO CA-50 A - 8,0 MM (5/16") - (OBRAS CIVIS) | F84: Kg | G84: 576.5 | H84: 11.03 | I84: =TRUNC(G84 * H84, 2) -> 6358.79 | J84: =+$L$5 -> 0.2365 | K84: =TRUNC(H84 * (1 + J84), 2) -> 13.63 | L84: =TRUNC(G84 * K84, 2) -> 7857.69
B85: 5.6 | C85: 060305 | D85: AGETOP CIVIL | E85: ACO CA-50A - 10,0 MM (3/8") - (OBRAS CIVIS) | F85: Kg | G85: 1189.2 | H85: 10.94 | I85: =TRUNC(G85 * H85, 2) -> 13009.84 | J85: =+$L$5 -> 0.2365 | K85: =TRUNC(H85 * (1 + J85), 2) -> 13.52 | L85: =TRUNC(G85 * K85, 2) -> 16077.98
B86: 5.7 | C86: 060306 | D86: AGETOP CIVIL | E86: ACO CA-50A - 12,5 MM (1/2") - (OBRAS CIVIS) | F86: Kg | G86: 500.9 | H86: 11.87 | I86: =TRUNC(G86 * H86, 2) -> 5945.68 | J86: =+$L$5 -> 0.2365 | K86: =TRUNC(H86 * (1 + J86), 2) -> 14.67 | L86: =TRUNC(G86 * K86, 2) -> 7348.2
B87: 5.8 | C87: 060307 | D87: AGETOP CIVIL | E87: ACO CA-50 - 16,0 MM (5/8") - (OBRAS CIVIS) | F87: Kg | G87: 282.3 | H87: 11.84 | I87: =TRUNC(G87 * H87, 2) -> 3342.43 | J87: =+$L$5 -> 0.2365 | K87: =TRUNC(H87 * (1 + J87), 2) -> 14.64 | L87: =TRUNC(G87 * K87, 2) -> 4132.87
B88: 5.9 | C88: 060308 | D88: AGETOP CIVIL | E88: ACO CA 50-A - 20,0 MM (3/4") - (OBRAS CIVIS) | F88: Kg | G88: 61 | H88: 11.81 | I88: =TRUNC(G88 * H88, 2) -> 720.41 | J88: =+$L$5 -> 0.2365 | K88: =TRUNC(H88 * (1 + J88), 2) -> 14.6 | L88: =TRUNC(G88 * K88, 2) -> 890.6
B89: 5.10 | C89: 060525 | D89: AGETOP CIVIL | E89: CONCRETO USINADO BOMBEÁVEL FCK=30 MPA (O.C.) | F89: m³ | G89: 51.91 | H89: 616.92 | I89: =TRUNC(G89 * H89, 2) -> 32024.31 | J89: =+$L$5 -> 0.2365 | K89: =TRUNC(H89 * (1 + J89), 2) -> 762.82 | L89: =TRUNC(G89 * K89, 2) -> 39597.98
B90: 5.11 | C90: 060800 | D90: AGETOP CIVIL | E90: LANÇAMENTO/APLICAÇÃO/ADENSAMENTO DE CONCRETO USINADO BOMBEADO EM ESTRUTURA - (O.C.) | F90: m³ | G90: 51.91 | H90: 55.25 | I90: =TRUNC(G90 * H90, 2) -> 2868.02 | J90: =+$L$5 -> 0.2365 | K90: =TRUNC(H90 * (1 + J90), 2) -> 68.31 | L90: =TRUNC(G90 * K90, 2) -> 3545.97
B91: 5.12 | C91: 060803 | D91: AGETOP CIVIL | E91: TAXA DE BOMBEAMENTO CONCRETO-MÍNIMO 10 M3 - (O.C.) | F91: m³ | G91: 51.91 | H91: 57.5 | I91: =TRUNC(G91 * H91, 2) -> 2984.82 | J91: =+$L$5 -> 0.2365 | K91: =TRUNC(H91 * (1 + J91), 2) -> 71.09 | L91: =TRUNC(G91 * K91, 2) -> 3690.28
B92: 5.13 | C92: 061102 | D92: AGETOP CIVIL | E92: PISO EM LAJE PRÉ-MOLDADA INCLUSO CAPEAMENTO/ARMADURA DE DISTRIBUIÇÃO/ESCORAMENTO E FORMA/DESFORMA | F92: m² | G92: 69.96 | H92: 140.6 | I92: =TRUNC(G92 * H92, 2) -> 9836.37 | J92: =+$L$5 -> 0.2365 | K92: =TRUNC(H92 * (1 + J92), 2) -> 173.85 | L92: =TRUNC(G92 * K92, 2) -> 12162.54
B93: 6 | E93: PAREDES E PAINÉIS | I93: =SUBTOTAL(9,I94:I99) -> 124578.63 | L93: =SUBTOTAL(9,L94:L99) -> 154031.78
B94: 6.1 | C94: 100160 | D94: AGETOP CIVIL | E94: ALVENARIA DE TIJOLO FURADO 1/2 VEZ 9X14X29 - 6 FUROS - ARG. (1CALH | F94: m² | G94: 635.26 | H94: 57.57 | I94: =TRUNC(G94 * H94, 2) -> 36571.91 | J94: =+$L$5 -> 0.2365 | K94: =TRUNC(H94 * (1 + J94), 2) -> 71.18 | L94: =TRUNC(G94 * K94, 2) -> 45217.8
B95: 6.2 | C95: 100202 | D95: AGETOP CIVIL | E95: ALVENARIA DE TIJOLO FURADO 1 VEZ - 9X19X19 CM - ARG. (1CALH | F95: m² | G95: 245.23 | H95: 117.7 | I95: =TRUNC(G95 * H95, 2) -> 28863.57 | J95: =+$L$5 -> 0.2365 | K95: =TRUNC(H95 * (1 + J95), 2) -> 145.53 | L95: =TRUNC(G95 * K95, 2) -> 35688.32
B96: 6.3 | C96: 104724 | D96: SINAPI | E96: PAREDE COM SISTEMA EM CHAPAS DE GESSO PARA DRYWALL, USO INTERNO, COM UMA FACE SIMPLES E ESTRUTURA METÁLICA COM GUIAS SIMPLES PARA PAREDES COM ÁREA LÍQUIDA MENOR QUE 6 M2, COM VÃOS. AF_07/2023_PS. (Adaptado em atendimento ao Decreto 9900/2021) | F96: m² | G96: 249.56 | H96: 73.44 | I96: =TRUNC(G96 * H96, 2) -> 18327.68 | J96: =+$L$5 -> 0.2365 | K96: =TRUNC(H96 * (1 + J96), 2) -> 90.8 | L96: =TRUNC(G96 * K96, 2) -> 22660.04
B97: 6.4 | C97: 00108 | D97: Próprio | E97: CÓPIA DE GOINFRA CIVIL (100320) - DIVISORIA DE GRANITO POLIDO BRANCO DALLAS | F97: m² | G97: 55.89 | H97: 635.31 | I97: =TRUNC(G97 * H97, 2) -> 35507.47 | J97: =+$L$5 -> 0.2365 | K97: =TRUNC(H97 * (1 + J97), 2) -> 785.56 | L97: =TRUNC(G97 * K97, 2) -> 43904.94
B98: 6.5 | C98: 060010 | D98: AGETOP CIVIL | E98: VERGA/CONTRAVERGA EM CONCRETO ARMADO FCK = 20 MPA | F98: m³ | G98: 0.59 | H98: 2679.02 | I98: =TRUNC(G98 * H98, 2) -> 1580.62 | J98: =+$L$5 -> 0.2365 | K98: =TRUNC(H98 * (1 + J98), 2) -> 3312.6 | L98: =TRUNC(G98 * K98, 2) -> 1954.43
B99: 6.6 | C99: 93203 | D99: SINAPI | E99: FIXAÇÃO (ENCUNHAMENTO) DE ALVENARIA DE VEDAÇÃO COM ESPUMA DE POLIURETANO EXPANSIVA. AF_03/2024. (Adaptado em atendimento ao Decreto 9900/2021) | F99: M | G99: 347.38 | H99: 10.73 | I99: =TRUNC(G99 * H99, 2) -> 3727.38 | J99: =+$L$5 -> 0.2365 | K99: =TRUNC(H99 * (1 + J99), 2) -> 13.26 | L99: =TRUNC(G99 * K99, 2) -> 4606.25
B100: 7 | E100: ESQUADRIAS | I100: =SUBTOTAL(9,I101:I127) -> 499976.06 | L100: =SUBTOTAL(9,L101:L127) -> 603242.78
B101: 7.1 | E101: ESQUADRIAS DE ALUMÍNIO | I101: =SUBTOTAL(9,I102:I104) -> 75596.19 | L101: =SUBTOTAL(9,L102:L104) -> 93474.21
B102: 7.1.1 | C102: 180122 | D102: AGETOP CIVIL | E102: JANELA MAXIM AR EM ALUMINIO COM ACABAMENTO EM PINTURA ELETROSTÁTICA BRANCA - INCLUSO FERRAGENS (M.O.FAB.INC.MAT.) | F102: m² | G102: 29.44 | H102: 872.91 | I102: =TRUNC(G102 * H102, 2) -> 25698.47 | J102: =+$L$5 -> 0.2365 | K102: =TRUNC(H102 * (1 + J102), 2) -> 1079.35 | L102: =TRUNC(G102 * K102, 2) -> 31776.06
...

Sheet COMPOSIÇÕES (ONE)
A1: COMPOSIÇÃO DE PREÇOS UNITÁRIOS SEM DESONERAÇÃO
A3: OBJETO: | B3: ='ORÇAMENTO SINTÉTICO - ONE'!C3 -> REFORMA / AMPLIAÇÃO - TERMINAL DE PASSAGEIROS DE ITUMBIARA | F3: DATA: | G3: ='ORÇAMENTO SINTÉTICO - ONE'!G3 -> 27/06/2025 | J3: ENCARGOS SOCIAIS HORISTAS: | K3: =+'ORÇAMENTO SINTÉTICO - ONE'!L3 -> 1.1737
A4: LOCAL: | B4: ='ORÇAMENTO SINTÉTICO - ONE'!C4 -> AVENIDA ITUMBIARA, N. 1391, RESIDENCIAL JARDIM PRIMAVERA, ITUMBIARA - GO | F4: REVISÃO: | G4: ='ORÇAMENTO SINTÉTICO - ONE'!G4 -> 00 | J4: ENCARGOS SOCIAIS MENSALISTAS: | K4: =+'ORÇAMENTO SINTÉTICO - ONE'!L4 -> 0.7419
F5: PRAZO : | G5: ='ORÇAMENTO SINTÉTICO - ONE'!G5 -> 06 MESES | J5: BDI OBRA: | K5: =+'ORÇAMENTO SINTÉTICO - ONE'!L5 -> 0.2365
J6: BDI DIFERENCIADO: | K6: =+'ORÇAMENTO SINTÉTICO - ONE'!L6 -> 0.1948
A8: Composições Principais
A9: 1.1 | B9: Código | C9: Banco | D9: Descrição | E9: Tipo | G9: Und | H9: Quant. | I9: Porcent. | J9: Valor Unit | K9: Total
A10: Composição | B10: 250101 | C10: AGETOP CIVIL | D10: ENGENHEIRO - (OBRAS CIVIS) | E10: 25 | G10: H | H10: 1 | J10: 102.16 | K10: 102.16
A11: Insumo | B11: 0001 | C11: AGETOP CIVIL | D11: ENGENHEIRO | E11: Mão de Obra | G11: h | H11: 1 | I11: 0 | J11: 102.16 | K11: 102.16
F12: MO sem LS => | G12: 102.16 | H12: LS => | I12: 0 | J12: MO com LS => | K12: 102.16
F13: Valor do BDI => | G13: 0 | I13: Valor com BDI => | K13: 102.16
A15: 1.2 | B15: Código | C15: Banco | D15: Descrição | E15: Tipo | G15: Und | H15: Quant. | I15: Porcent. | J15: Valor Unit | K15: Total
A16: Composição | B16: 250102 | C16: AGETOP CIVIL | D16: MESTRE DE OBRA - (OBRAS CIVIS) | E16: 25 | G16: H | H16: 1 | J16: 51.73 | K16: 51.73
A17: Insumo | B17: 0003 | C17: AGETOP CIVIL | D17: MESTRE DE OBRAS | E17: Mão de Obra | G17: h | H17: 1 | I17: 0 | J17: 51.73 | K17: 51.73
F18: MO sem LS => | G18: 51.73 | H18: LS => | I18: 0 | J18: MO com LS => | K18: 51.73
F19: Valor do BDI => | G19: 0 | I19: Valor com BDI => | K19: 51.73
A21: 1.3 | B21: Código | C21: Banco | D21: Descrição | E21: Tipo | G21: Und | H21: Quant. | I21: Porcent. | J21: Valor Unit | K21: Total
A22: Composição | B22: 250105 | C22: AGETOP CIVIL | D22: ALMOXARIFE - (OBRAS CIVIS) | E22: 25 | G22: H | H22: 1 | J22: 18.76 | K22: 18.76
A23: Insumo | B23: 0017 | C23: AGETOP CIVIL | D23: ALMOXARIFE/APONTADOR | E23: Mão de Obra | G23: h | H23: 1 | I23: 0 | J23: 18.76 | K23: 18.76
F24: MO sem LS => | G24: 18.76 | H24: LS => | I24: 0 | J24: MO com LS => | K24: 18.76
F25: Valor do BDI => | G25: 0 | I25: Valor com BDI => | K25: 18.76
A27: 1.4 | B27: Código | C27: Banco | D27: Descrição | E27: Tipo | G27: Und | H27: Quant. | I27: Porcent. | J27: Valor Unit | K27: Total
A28: Composição | B28: 021602 | C28: AGETOP CIVIL | D28: EPI/PGR/PCMSO/EXAMES/TREINAMENTOS/VISITAS - ÁREAS EDIFICADAS/COBERTAS/FECHADAS | E28: 2 | G28: m² | H28: 1 | J28: 48.22 | K28: 48.22
A29: Insumo | B29: 2538 | C29: AGETOP CIVIL | D29: EPI/PGR/PCMSO / EXAMES/TREINAMENTOS/VISITAS (COMP. AUXILIAR) | E29: Material | G29: m² | H29: 1 | I29: 0 | J29: 48.22 | K29: 48.22
F30: MO sem LS => | G30: 0 | H30: LS => | I30: 0 | J30: MO com LS => | K30: 0
F31: Valor do BDI => | G31: 0 | I31: Valor com BDI => | K31: 48.22
A33: 1.5 | B33: Código | C33: Banco | D33: Descrição | E33: Tipo | G33: Und | H33: Quant. | I33: Porcent. | J33: Valor Unit | K33: Total
A34: Composição | B34: 020200 | C34: AGETOP CIVIL | D34: FERRAMENTAS (MANUAIS/ELÉTRICAS) E MATERIAL DE LIMPEZA PERMANENTE DA OBRA - ÁREAS EDIFICADAS/COBERTAS/FECHADAS | E34: 2 | G34: m² | H34: 1 | J34: 6.91 | K34: 6.91
A35: Insumo | B35: 2758 | C35: AGETOP CIVIL | D35: FERRAMENTAS/EQUIPAMENTOS E MATERIAL DE LIMPEZA PERMANENTE (COMPOSIÇÃO AUXILIAR ) | E35: Material | G35: m² | H35: 1 | I35: 0 | J35: 6.91 | K35: 6.91
F36: MO sem LS => | G36: 0 | H36: LS => | I36: 0 | J36: MO com LS => | K36: 0
F37: Valor do BDI => | G37: 0 | I37: Valor com BDI => | K37: 6.91
A39: 1.6 | B39: Código | C39: Banco | D39: Descrição | E39: Tipo | G39: Und | H39: Quant. | I39: Porcent. | J39: Valor Unit | K39: Total
A40: Composição | B40: 271502 | C40: AGETOP CIVIL | D40: CANTINA - (OBRAS CIVIS) | E40: 27 | G40: RE | H40: 1 | J40: 22.5 | K40: 22.5
A41: Insumo | B41: 1941 | C41: AGETOP CIVIL | D41: REFEICAO | E41: Material | G41: un | H41: 1 | I41: 0 | J41: 22.5 | K41: 22.5
F42: MO sem LS => | G42: 0 | H42: LS => | I42: 0 | J42: MO com LS => | K42: 0
F43: Valor do BDI => | G43: 0 | I43: Valor com BDI => | K43: 22.5
A45: 1.7 | B45: Código | C45: Banco | D45: Descrição | E45: Tipo | G45: Und | H45: Quant. | I45: Porcent. | J45: Valor Unit | K45: Total
A46: Composição | B46: 271500 | C46: AGETOP CIVIL | D46: CAFE DA MANHA | E46: 27 | G46: RE | H46: 1 | J46: 3.38 | K46: 3.38
A47: Insumo | B47: 2537 | C47: AGETOP CIVIL | D47: CAFÉ DA MANHA (COMP. AUXILIAR)** | E47: Material | G47: un | H47: 1 | I47: 0 | J47: 3.38 | K47: 3.38
F48: MO sem LS => | G48: 0 | H48: LS => | I48: 0 | J48: MO com LS => | K48: 0
F49: Valor do BDI => | G49: 0 | I49: Valor com BDI => | K49: 3.38
A51: 2.1 | B51: Código | C51: Banco | D51: Descrição | E51: Tipo | G51: Und | H51: Quant. | I51: Porcent. | J51: Valor Unit | K51: Total
A52: Composição | B52: 020212 | C52: AGETOP CIVIL | D52: BARRACÃO DE OBRAS PADRÃO GOINFRA ( BLOCOS,COBERTURAS,PASSARELAS E MÓVEIS), SEM ALOJAMENTO E LAVANDERIA , COM PINTURA, EM CONSONÂNCIA COM AS NR'S, EM ESPECIAL A NR-18, INCLUSO INSTALAÇÕES ELÉTRICAS E HIDROSSANITÁRIAS - ( COM REAPROVEITAMENTO 1 VEZ ). | E52: 2 | G52: m² | H52: 1 | J52: 303.95 | K52: 303.95
A53: Insumo | B53: 3337 | C53: AGETOP CIVIL | D53: INTERRUPTOR SIMPLES (1 SECAO) - (SUPORTE+MÓDULO+ESPELHO) | E53: Material | G53: un | H53: 0.0304 | I53: 0 | J53: 8.13 | K53: 0.24
A54: Insumo | B54: H311 | C54: AGETOP CIVIL | D54: LUVA SOLDAVEL COM ROSCA 25 X 3/4" | E54: Material | G54: un | H54: 0.006 | I54: 0 | J54: 2 | K54: 0.01
A55: Insumo | B55: 2866 | C55: AGETOP CIVIL | D55: FOGÃO A GÁS DE 6 BOCAS, ESMALTEC, DAKO, CONTINENTAL OU EQUIVALENTE | E55: Material | G55: un | H55: 0.0004 | I55: 0 | J55: 1061.83 | K55: 0.42
A56: Insumo | B56: H284 | C56: AGETOP CIVIL | D56: TUBO SOLDAVEL PARA ESGOTO DIAMETRO 100 MM | E56: Material | G56: m | H56: 0.0403 | I56: 0 | J56: 16.28 | K56: 0.65
A57: Insumo | B57: H440 | C57: AGETOP CIVIL | D57: TORNEIRA DE BOIA DIAMETRO 3/4" (20 MM) | E57: Material | G57: un | H57: 0.006 | I57: 0 | J57: 49.8 | K57: 0.29
A58: Insumo | B58: 3335 | C58: AGETOP CIVIL | D58: INTERRUPTOR PARALELO DUPLO (2 SECOES) - (SUPORTE+MÓDULOS+ESPELHO) | E58: Material | G58: un | H58: 0.0018 | I58: 0 | J58: 16.53 | K58: 0.02
A59: Insumo | B59: 3259 | C59: AGETOP CIVIL | D59: DISJUNTOR MONOPOLAR DE 10 A 32-A | E59: Material | G59: un | H59: 0.0181 | I59: 0 | J59: 11.54 | K59: 0.2
A60: Insumo | B60: 2782 | C60: AGETOP CIVIL | D60: GASOLINA | E60: Material | G60: l | H60: 0.0284 | I60: 0 | J60: 5.64 | K60: 0.16
A61: Insumo | B61: 2857 | C61: AGETOP CIVIL | D61: PORTA COPOS DESCARTÁVEIS PARA COPOS DE 300ML | E61: Material | G61: un | H61: 0.0011 | I61: 0 | J61: 40.36 | K61: 0.04
A62: Insumo | B62: 3923 | C62: AGETOP CIVIL | D62: ELETRODUTO PVC FLEXÍVEL (MANGUEIRA CORRUGADA LEVE) DIAM. 25MM | E62: Material | G62: m | H62: 0.5748 | I62: 0 | J62: 2.12 | K62: 1.21
A63: Insumo | B63: 4056 | C63: AGETOP CIVIL | D63: CALHA DE SOBREPOR PARA 2 LAMPADAS TUBULARES 60 CM 8/10 W | E63: Material | G63: un | H63: 0.0135 | I63: 0 | J63: 27.15 | K63: 0.36
A64: Insumo | B64: H108 | C64: AGETOP CIVIL | D64: ADAPTADOR SOLDÁVEL LONGO COM FLANGES LIVRES PARA CAIXA D'ÁGUA 32X1" | E64: Material | G64: un | H64: 0.0181 | I64: 0 | J64: 18.14 | K64: 0.32
... A178: Insumo | B178: H248 | C178: AGETOP CIVIL | D178: TUBO SOLDAVEL PVC MARROM DIAM. 25 MM | E178: Material | G178: m | H178: 0.1328 | I178: 0 | J178: 3.95 | K178: 0.52
F179: MO sem LS => | G179: 71.13 | H179: LS => | I179: 0 | J179: MO com LS => | K179: 71.13
F180: Valor do BDI => | G180: 0 | I180: Valor com BDI => | K180: 303.95
A182: 2.2 | B182: Código | C182: Banco | D182: Descrição | E182: Tipo | G182: Und | H182: Quant. | I182: Porcent. | J182: Valor Unit | K182: Total
A183: Composição | B183: 020303 | C183: AGETOP CIVIL | D183: DEPÓSITO PARA CIMENTO TIPO II COM PINTURA PADRÃO GOINFRA (3,30 X 3,30 M) A=10,89 M2 (C/ REAPROV. 1 VEZ ) - INCLUSO PALETES | E183: 2 | G183: un | H183: 1 | J183: 3675.93 | K183: 3675.93
A184: Insumo | B184: 3321 | C184: AGETOP CIVIL | D184: FITA ISOLANTE, ROLO DE 5,00 M | E184: Material | G184: un | H184: 0.5 | I184: 0 | J184: 2.96 | K184: 1.48
A185: Insumo | B185: 2024 | C185: AGETOP CIVIL | D185: TELHA VOGATEX 4 MM (L=0,50 M) | E185: Material | G185: m² | H185: 13.176 | I185: 0 | J185: 21.99 | K185: 289.74
A186: Insumo | B186: 0018 | C186: AGETOP CIVIL | D186: PINTOR | E186: Mão de Obra | G186: h | H186: 6 | I186: 0 | J186: 23.41 | K186: 140.46
A187: Insumo | B187: 0010 | C187: AGETOP CIVIL | D187: CARPINTEIRO | E187: Mão de Obra | G187: h | H187: 14.9584 | I187: 0 | J187: 23.41 | K187: 350.17
A188: Insumo | B188: 1858 | C188: AGETOP CIVIL | D188: PONTALETE 3X3" | E188: Material | G188: m | H188: 35.238 | I188: 0 | J188: 8.36 | K188: 294.58
A189: Insumo | B189: 3138 | C189: AGETOP CIVIL | D189: CAIXA METALICA RETANGULAR 4"X2"X2" | E189: Material | G189: un | H189: 0.5 | I189: 0 | J189: 2.86 | K189: 1.43
A190: Insumo | B190: 2256 | C190: AGETOP CIVIL | D190: CADEADO SIMPLES EM LATÃO Nº 30 | E190: Material | G190: un | H190: 0.3333 | I190: 0 | J190: 25.6 | K190: 8.53
A191: Insumo | B191: 0104 | C191: AGETOP CIVIL | D191: AREIA MÉDIA | E191: Material | G191: m³ | H191: 0.4022 | I191: 0 | J191: 180.8 | K191: 72.71
A192: Insumo | B192: 0032 | C192: AGETOP CIVIL | D192: OPERADOR DE BETONEIRA | E192: Mão de Obra | G192: h | H192: 1.7781 | I192: 0 | J192: 18.36 | K192: 32.64
A193: Insumo | B193: 2516 | C193: AGETOP CIVIL | D193: CORRENTE EM AÇO GALVANIZADO COM ELO CURTO DIAMETRO 4 MM | E193: Material | G193: Kg | H193: 0.2 | I193: 0 | J193: 14.81 | K193: 2.96
A194: Insumo | B194: 3602 | C194: AGETOP CIVIL | D194: SOQUETE ANTIVIBRATORIO PARA LAMPADA TUBULAR | E194: Material | G194: un | H194: 2 | I194: 0 | J194: 3.77 | K194: 7.54
A195: Insumo | B195: 3350 | C195: AGETOP CIVIL | D195: ISOLADOR ROLDANA PVC MEDIO (102) | E195: Material | G195: un | H195: 2 | I195: 0 | J195: 0.55 | K195: 1.1
... A221: Insumo | B221: 1862 | C221: AGETOP CIVIL | D221: PREGO 19X27 | E221: Material | G221: Kg | H221: 0.3304 | I221: 0 | J221: 25.46 | K221: 8.41
F222: MO sem LS => | G222: 1311.48 | H222: LS => | I222: 0 | J222: MO com LS => | K222: 1311.48
F223: Valor do BDI => | G223: 0 | I223: Valor com BDI => | K223: 3675.93
A225: 2.3 | B225: Código | C225: Banco | D225: Descrição | E225: Tipo | G225: Und | H225: Quant. | I225: Porcent. | J225: Valor Unit | K225: Total
A226: Composição | B226: 020400 | C226: AGETOP CIVIL | D226: LIGAÇÃO PROVISÓRIA DE ÁGUA (INCLUSO RETIRADA DO ESGOTO SANITÁRIO) - PD. GOINFRA | E226: 2 | G226: Un | H226: 1 | J226: 3482.69 | K226: 3482.69
A227: Insumo | B227: 2386 | C227: AGETOP CIVIL | D227: BRITA Nº 1 | E227: Material | G227: m³ | H227: 0.184 | I227: 0 | J227: 157.65 | K227: 29
A228: Insumo | B228: 2054 | C228: AGETOP CIVIL | D228: TINTA GRAFITE | E228: Material | G228: l | H228: 0.06 | I228: 0 | J228: 52.64 | K228: 3.15
A229: Insumo | B229: 2034 | C229: AGETOP CIVIL | D229: TIJOLO FURADO 9X19X19 CM | E229: Material | G229: un | H229: 15.9 | I229: 0 | J229: 0.92 | K229: 14.62
A230: Insumo | B230: 2426 | C230: AGETOP CIVIL | D230: ARAME GALVANIZADO Nº 12 BWG | E230: Material | G230: Kg | H230: 0.079 | I230: 0 | J230: 17.55 | K230: 1.38
A231: Insumo | B231: H164 | C231: AGETOP CIVIL | D231: JOELHO 90 GRAUS SOLDAVEL DIAMETRO 25 MM | E231: Material | G231: un | H231: 0.6667 | I231: 0 | J231: 0.99 | K231: 0.66
A232: Insumo | B232: 0006 | C232: AGETOP CIVIL | D232: ARMADOR | E232: Mão de Obra | G232: h | H232: 0.46 | I232: 0 | J232: 23.41 | K232: 10.76
A233: Insumo | B233: H319 | C233: AGETOP CIVIL | D233: LUVA SOLDAVEL 25 MM | E233: Material | G233: un | H233: 10 | I233: 0 | J233: 1.08 | K233: 10.8
A234: Insumo | B234: 0005 | C234: AGETOP CIVIL | D234: SERVENTE | E234: Mão de Obra | G234: h | H234: 67.5306 | I234: 0 | J234: 15.3 | K234: 1033.21
A235: Insumo | B235: 1970 | C235: AGETOP CIVIL | D235: DILUENTE AGUARRÁS | E235: Material | G235: l | H235: 0.02 | I235: 0 | J235: 20.66 | K235: 0.41
A236: Insumo | B236: 0018 | C236: AGETOP CIVIL | D236: PINTOR | E236: Mão de Obra | G236: h | H236: 0.7 | I236: 0 | J236: 23.41 | K236: 16.38
A237: Insumo | B237: 2051 | C237: AGETOP CIVIL | D237: TINTA LATEX ACRILICA - SEMI BRILHO | E237: Material | G237: l | H237: 0.26 | I237: 0 | J237: 24.44 | K237: 6.35
A238: Insumo | B238: 1861 | C238: AGETOP CIVIL | D238: PREGO 18X24 | E238: Material | G238: Kg | H238: 0.2 | I238: 0 | J238: 20.86 | K238: 4.17
... A269: Insumo | B269: 2437 | C269: AGETOP CIVIL | D269: AÇO CA-50 - 6,3 MM (1/4") | E269: Material | G269: Kg | H269: 6.72 | I269: 0 | J269: 6.87 | K269: 46.16
F270: MO sem LS => | G270: 2051.43 | H270: LS => | I270: 0 | J270: MO com LS => | K270: 2051.43
F271: Valor do BDI => | G271: 0 | I271: Valor com BDI => | K271: 3482.69
A273: 2.4 | B273: Código | C273: Banco | D273: Descrição | E273: Tipo | G273: Und | H273: Quant. | I273: Porcent. | J273: Valor Unit | K273: Total
A274: Composição | B274: 020501 | C274: AGETOP CIVIL | D274: LIGAÇÃO PROVISÓRIA LUZ E FORÇA - PD. GOINFRA | E274: 2 | G274: Un | H274: 1 | J274: 4847.87 | K274: 4847.87
A275: Insumo | B275: 3389 | C275: AGETOP CIVIL | D275: PARAFUSO DE AJUSTE TIPO DZ ATE 63A | E275: Material | G275: un | H275: 1 | I275: 0 | J275: 18.43 | K275: 18.43
A276: Insumo | B276: 3215 | C276: AGETOP CIVIL | D276: CONTATOR TRIPOLAR - 25A, 500V NOMINAL, COMANDO 220V, CATEGORIA AC-3. | E276: Material | G276: un | H276: 1 | I276: 0 | J276: 156.31 | K276: 156.31
A277: Insumo | B277: 0032 | C277: AGETOP CIVIL | D277: OPERADOR DE BETONEIRA | E277: Mão de Obra | G277: h | H277: 0.5872 | I277: 0 | J277: 18.36 | K277: 10.78
A278: Insumo | B278: 3261 | C278: AGETOP CIVIL | D278: DISJUNTOR TRIPOLAR 40 A 50A | E278: Material | G278: un | H278: 0.75 | I278: 0 | J278: 60.44 | K278: 45.33
A279: Insumo | B279: 3337 | C279: AGETOP CIVIL | D279: INTERRUPTOR SIMPLES (1 SECAO) - (SUPORTE+MÓDULO+ESPELHO) | E279: Material | G279: un | H279: 1.5 | I279: 0 | J279: 8.13 | K279: 12.19
A280: Insumo | B280: 2255 | C280: AGETOP CIVIL | D280: CADEADO SIMPLES EM LATÃO Nº 20 | E280: Material | G280: un | H280: 1.25 | I280: 0 | J280: 18.6 | K280: 23.25
...

Sheet CRONOGRAMA (ONE)
B1: CRONOGRAMA FISICO-FINANCEIRO SEM DESONERAÇÃO
B8: OBJETO: | C8: ='COMPOSIÇÕES (ONE)'!B3 -> REFORMA / AMPLIAÇÃO - TERMINAL DE PASSAGEIROS DE ITUMBIARA | Y8: DATA: | Z8: ='COMPOSIÇÕES (ONE)'!G3 -> 27/06/2025
B9: LOCAL: | C9: ='COMPOSIÇÕES (ONE)'!B4 -> AVENIDA ITUMBIARA, N. 1391, RESIDENCIAL JARDIM PRIMAVERA, ITUMBIARA - GO | Y9: REVISÃO: | Z9: ='COMPOSIÇÕES (ONE)'!G4 -> 00
B11: ITEM | C11: SERVIÇO | D11: VALORES | E11: MESES
E12: MÊS 01 | I12: MÊS 02 | M12: MÊS 03 | Q12: MÊS 04 | U12: MÊS 05 | Y12: MÊS 06
B14: ='ORÇAMENTO RESUMO (SD)'!B9 -> 1 | C14: ='ORÇAMENTO RESUMO (SD)'!E9 -> ADMINISTRAÇÃO LOCAL | D14: ='ORÇAMENTO RESUMO (SD)'!K9 -> 341358.58 | E14: =E16*$D14 -> 7378.3162 | I14: =I16*$D14 -> 37568.041 | M14: =M16*$D14 -> 79426.845 | Q14: =Q16*$D14 -> 68431.645 | U14: =U16*$D14 -> 106344.8 | Y14: =Y16*$D14 -> 42208.933
D16: =D14/$D$62 -> 0.088110019 | E16: =+SUM(E20,E23,E26,E29,E32,E35,E38,E41,E44,E47,E50,E53,E56,E59)/($D$62-$D$14-$D$17) -> 0.021614562 | I16: =+SUM(I20,I23,I26,I29,I32,I35,I38,I41,I44,I47,I50,I53,I56,I59)/($D$62-$D$14-$D$17) -> 0.11005448 | M16: =+SUM(M20,M23,M26,M29,M32,M35,M38,M41,M44,M47,M50,M53,M56,M59)/($D$62-$D$14-$D$17) -> 0.23267862 | Q16: =+SUM(Q20,Q23,Q26,Q29,Q32,Q35,Q38,Q41,Q44,Q47,Q50,Q53,Q56,Q59)/($D$62-$D$14-$D$17) -> 0.20046851 | U16: =+SUM(U20,U23,U26,U29,U32,U35,U38,U41,U44,U47,U50,U53,U56,U59)/($D$62-$D$14-$D$17) -> 0.31153399 | Y16: =+SUM(Y20,Y23,Y26,Y29,Y32,Y35,Y38,Y41,Y44,Y47,Y50,Y53,Y56,Y59)/($D$62-$D$14-$D$17) -> 0.12364984
B17: ='ORÇAMENTO RESUMO (SD)'!B10 -> 2 | C17: ='ORÇAMENTO RESUMO (SD)'!E10 -> CANTEIRO | D17: ='ORÇAMENTO RESUMO (SD)'!K10 -> 155871.3 | E17: =E19*$D17 -> 3369.0899 | I17: =I19*$D17 -> 17154.335 | M17: =M19*$D17 -> 36267.92 | Q17: =Q19*$D17 -> 31247.287 | U17: =U19*$D17 -> 48559.208 | Y17: =Y19*$D17 -> 19273.461
D19: =D17/$D$62 -> 0.040232834 | E19: =E16 -> 0.021614562 | I19: =I16 -> 0.11005448 | M19: =M16 -> 0.23267862 | Q19: =Q16 -> 0.20046851 | U19: =U16 -> 0.31153399 | Y19: =Y16 -> 0.12364984
B20: ='ORÇAMENTO RESUMO (SD)'!B11 -> 3 | C20: ='ORÇAMENTO RESUMO (SD)'!E11 -> SERVIÇOS PRELIMINARES | D20: ='ORÇAMENTO RESUMO (SD)'!K11 -> 25647.09 | E20: =E22*$D20 -> 25647.09 | I20: =I22*$D20 -> 0 | M20: =M22*$D20 -> 0 | Q20: =Q22*$D20 -> 0 | U20: =U22*$D20 -> 0 | Y20: =Y22*$D20 -> 0
D22: =D20/$D$62 -> 0.0066199174 | E22: 1
B23: ='ORÇAMENTO RESUMO (SD)'!B12 -> 4 | C23: ='ORÇAMENTO RESUMO (SD)'!E12 -> FUNDAÇÕES | D23: ='ORÇAMENTO RESUMO (SD)'!K12 -> 157817.71 | E23: =E25*$D23 -> 47345.313 | I23: =I25*$D23 -> 110472.4 | M23: =M25*$D23 -> 0 | Q23: =Q25*$D23 -> 0 | U23: =U25*$D23 -> 0 | Y23: =Y25*$D23 -> 0
D25: =D23/$D$62 -> 0.040735233 | E25: 0.3 | I25: 0.7
B26: ='ORÇAMENTO RESUMO (SD)'!B13 -> 5 | C26: ='ORÇAMENTO RESUMO (SD)'!E13 -> SUPERESTRUTURA | D26: ='ORÇAMENTO RESUMO (SD)'!K13 -> 244056.67 | E26: =E28*$D26 -> 0 | I26: =I28*$D26 -> 61014.168 | M26: =M28*$D26 -> 122028.34 | Q26: =Q28*$D26 -> 61014.168 | U26: =U28*$D26 -> 0 | Y26: =Y28*$D26 -> 0
D28: =D26/$D$62 -> 0.062994866 | I28: 0.25 | M28: 0.5 | Q28: 0.25
B29: ='ORÇAMENTO RESUMO (SD)'!B14 -> 6 | C29: ='ORÇAMENTO RESUMO (SD)'!E14 -> PAREDES E PAINÉIS | D29: ='ORÇAMENTO RESUMO (SD)'!K14 -> 154031.78 | E29: =E31*$D29 -> 0 | I29: =I31*$D29 -> 0 | M29: =M31*$D29 -> 46209.534 | Q29: =Q31*$D29 -> 107822.25 | U29: =U31*$D29 -> 0 | Y29: =Y31*$D29 -> 0
D31: =D29/$D$62 -> 0.039758025 | M31: 0.3 | Q31: 0.7
B32: ='ORÇAMENTO RESUMO (SD)'!B15 -> 7 | C32: ='ORÇAMENTO RESUMO (SD)'!E15 -> ESQUADRIAS | D32: ='ORÇAMENTO RESUMO (SD)'!K15 -> 603242.78 | E32: =E34*$D32 -> 0 | I32: =I34*$D32 -> 0 | M32: =M34*$D32 -> 0 | Q32: =Q34*$D32 -> 241297.11 | U32: =U34*$D32 -> 361945.67 | Y32: =Y34*$D32 -> 0
D34: =D32/$D$62 -> 0.15570645 | Q34: 0.4 | U34: 0.6
B35: ='ORÇAMENTO RESUMO (SD)'!B16 -> 8 | C35: ='ORÇAMENTO RESUMO (SD)'!E16 -> IMPERMEABILIZAÇÕES | D35: ='ORÇAMENTO RESUMO (SD)'!K16 -> 11480.35 | E35: =E37*$D35 -> 0 | I35: =I37*$D35 -> 11480.35 | M35: =M37*$D35 -> 0 | Q35: =Q37*$D35 -> 0 | U35: =U37*$D35 -> 0 | Y35: =Y37*$D35 -> 0
D37: =D35/$D$62 -> 0.0029632589 | I37: 1
B38: ='ORÇAMENTO RESUMO (SD)'!B17 -> 9 | C38: ='ORÇAMENTO RESUMO (SD)'!E17 -> COBERTURA | D38: ='ORÇAMENTO RESUMO (SD)'!K17 -> 428830.93 | E38: =E40*$D38 -> 0 | I38: =I40*$D38 -> 0 | M38: =M40*$D38 -> 428830.93 | Q38: =Q40*$D38 -> 0 | U38: =U40*$D38 -> 0 | Y38: =Y40*$D38 -> 0
D40: =D38/$D$62 -> 0.11068801 | M40: 1
B41: ='ORÇAMENTO RESUMO (SD)'!B18 -> 10 | C41: ='ORÇAMENTO RESUMO (SD)'!E18 -> FORROS | D41: ='ORÇAMENTO RESUMO (SD)'!K18 -> 83983.65 | E41: =E43*$D41 -> 0 | I41: =I43*$D41 -> 0 | M41: =M43*$D41 -> 0 | Q41: =Q43*$D41 -> 33593.46 | U41: =U43*$D41 -> 50390.19 | Y41: =Y43*$D41 -> 0
D43: =D41/$D$62 -> 0.021677501 | Q43: 0.4 | U43: 0.6
B44: ='ORÇAMENTO RESUMO (SD)'!B19 -> 11 | C44: ='ORÇAMENTO RESUMO (SD)'!E19 -> REVESTIMENTO DE PAREDES | D44: ='ORÇAMENTO RESUMO (SD)'!K19 -> 89136.42 | E44: =E46*$D44 -> 0 | I44: =I46*$D44 -> 0 | M44: =M46*$D44 -> 0 | Q44: =Q46*$D44 -> 44568.21 | U44: =U46*$D44 -> 44568.21 | Y44: =Y46*$D44 -> 0
D46: =D44/$D$62 -> 0.023007512 | Q46: 0.5 | U46: 0.5
B47: ='ORÇAMENTO RESUMO (SD)'!B20 -> 12 | C47: ='ORÇAMENTO RESUMO (SD)'!E20 -> PAVIMENTAÇÃO | D47: ='ORÇAMENTO RESUMO (SD)'!K20 -> 393779.93 | E47: =E49*$D47 -> 0 | I47: =I49*$D47 -> 0 | M47: =M49*$D47 -> 0 | Q47: =Q49*$D47 -> 0 | U47: =U49*$D47 -> 275645.95 | Y47: =Y49*$D47 -> 118133.98
D49: =D47/$D$62 -> 0.10164079 | U49: 0.7 | Y49: 0.3
B50: ='ORÇAMENTO RESUMO (SD)'!B21 -> 13 | C50: ='ORÇAMENTO RESUMO (SD)'!E21 -> PINTURAS | D50: ='ORÇAMENTO RESUMO (SD)'!K21 -> 105004.84 | E50: =E52*$D50 -> 0 | I50: =I52*$D50 -> 0 | M50: =M52*$D50 -> 0 | Q50: =Q52*$D50 -> 0 | U50: =U52*$D50 -> 42001.936 | Y50: =Y52*$D50 -> 63002.904
D52: =D50/$D$62 -> 0.027103401 | U52: 0.4 | Y52: 0.6
B53: ='ORÇAMENTO RESUMO (SD)'!B22 -> 14 | C53: ='ORÇAMENTO RESUMO (SD)'!E22 -> APARELHOS SANITÁRIOS | D53: ='ORÇAMENTO RESUMO (SD)'!K22 -> 67756.46 | E53: =E55*$D53 -> 0 | I53: =I55*$D53 -> 0 | M53: =M55*$D53 -> 0 | Q53: =Q55*$D53 -> 0 | U53: =U55*$D53 -> 40653.876 | Y53: =Y55*$D53 -> 27102.584
D55: =D53/$D$62 -> 0.017489008 | U55: 0.6 | Y55: 0.4
B56: ='ORÇAMENTO RESUMO (SD)'!B23 -> 15 | C56: ='ORÇAMENTO RESUMO (SD)'!E23 -> INSTALAÇÕES | D56: ='ORÇAMENTO RESUMO (SD)'!K23 -> 943436.03 | E56: =E58*$D56 -> 0 | I56: =I58*$D56 -> 188687.21 | M56: =M58*$D56 -> 188687.21 | Q56: =Q58*$D56 -> 188687.21 | U56: =U58*$D56 -> 188687.21 | Y56: =Y58*$D56 -> 188687.21
D58: =D56/$D$62 -> 0.24351568 | I58: 0.2 | M58: 0.2 | Q58: 0.2 | U58: 0.2 | Y58: 0.2
B59: ='ORÇAMENTO RESUMO (SD)'!B24 -> 16 | C59: ='ORÇAMENTO RESUMO (SD)'!E24 -> SERVIÇOS COMPLEMENTARES | D59: ='ORÇAMENTO RESUMO (SD)'!K24 -> 68796.62 | E59: =E61*$D59 -> 0 | I59: =I61*$D59 -> 0 | M59: =M61*$D59 -> 0 | Q59: =Q61*$D59 -> 0 | U59: =U61*$D59 -> 48157.634 | Y59: =Y61*$D59 -> 20638.986
D61: =D59/$D$62 -> 0.01775749 | U61: 0.7 | Y61: 0.3
C62: TOTAL SIMPLES COM BDI | D62: =SUM(D59,D56,D53,D50,D47,D44,D41,D38,D35,D32,D29,D26,D23,D20,D17,D14) -> 3874231.1 | E62: =SUM(E59,E56,E53,E50,E47,E44,E41,E38,E35,E32,E29,E26,E23,E20,E17,E14) -> 83739.809 | F62: =SUM(#REF!,#REF!,#REF!,#REF!,#REF!,#REF!,#REF!,F59,F56,F53,F50,F47,F44,F41,F38,F35,F32,F29,F26,F23,F20,F17,F14) -> #REF! | G62: =SUM(#REF!,#REF!,#REF!,#REF!,#REF!,#REF!,#REF!,G59,G56,G53,G50,G47,G44,G41,G38,G35,G32,G29,G26,G23,G20,G17,G14) -> #REF! | H62: =SUM(#REF!,#REF!,#REF!,#REF!,#REF!,#REF!,#REF!,H59,H56,H53,H50,H47,H44,H41,H38,H35,H32,H29,H26,H23,H20,H17,H14) -> #REF! | I62: =SUM(I59,I56,I53,I50,I47,I44,I41,I38,I35,I32,I29,I26,I23,I20,I17,I14) -> 426376.5 | J62: =SUM(#REF!,#REF!,#REF!,#REF!,#REF!,#REF!,#REF!,J59,J56,J53,J50,J47,J44,J41,J38,J35,J32,J29,J26,J23,J20,J17,J14) -> #REF! | K62: =SUM(#REF!,#REF!,#REF!,#REF!,#REF!,#REF!,#REF!,K59,K56,K53,K50,K47,K44,K41,K38,K35,K32,K29,K26,K23,K20,K17,K14) -> #REF! | L62: =SUM(#REF!,#REF!,#REF!,#REF!,#REF!,#REF!,#REF!,L59,L56,L53,L50,L47,L44,L41,L38,L35,L32,L29,L26,L23,L20,L17,L14) -> #REF! | M62: =SUM(M59,M56,M53,M50,M47,M44,M41,M38,M35,M32,M29,M26,M23,M20,M17,M14) -> 901450.77 | N62: =SUM(#REF!,#REF!,#REF!,#REF!,#REF!,#REF!,#REF!,N59,N56,N53,N50,N47,N44,N41,N38,N35,N32,N29,N26,N23,N20,N17,N14) -> #REF! | O62: =SUM(#REF!,#REF!,#REF!,#REF!,#REF!,#REF!,#REF!,O59,O56,O53,O50,O47,O44,O41,O38,O35,O32,O29,O26,O23,O20,O17,O14) -> #REF! | P62: =SUM(#REF!,#REF!,#REF!,#REF!,#REF!,#REF!,#REF!,P59,P56,P53,P50,P47,P44,P41,P38,P35,P32,P29,P26,P23,P20,P17,P14) -> #REF! | Q62: =SUM(Q59,Q56,Q53,Q50,Q47,Q44,Q41,Q38,Q35,Q32,Q29,Q26,Q23,Q20,Q17,Q14) -> 776661.33 | R62: =SUM(#REF!,#REF!,#REF!,#REF!,#REF!,#REF!,#REF!,R59,R56,R53,R50,R47,R44,R41,R38,R35,R32,R29,R26,R23,R20,R17,R14) -> #REF! | S62: =SUM(#REF!,#REF!,#REF!,#REF!,#REF!,#REF!,#REF!,S59,S56,S53,S50,S47,S44,S41,S38,S35,S32,S29,S26,S23,S20,S17,S14) -> #REF! | T62: =SUM(#REF!,#REF!,#REF!,#REF!,#REF!,#REF!,#REF!,T59,T56,T53,T50,T47,T44,T41,T38,T35,T32,T29,T26,T23,T20,T17,T14) -> #REF! | U62: =SUM(U59,U56,U53,U50,U47,U44,U41,U38,U35,U32,U29,U26,U23,U20,U17,U14) -> 1206954.7 | V62: =SUM(#REF!,#REF!,#REF!,#REF!,#REF!,#REF!,#REF!,V59,V56,V53,V50,V47,V44,V41,V38,V35,V32,V29,V26,V23,V20,V17,V14) -> #REF! | W62: =SUM(#REF!,#REF!,#REF!,#REF!,#REF!,#REF!,#REF!,W59,W56,W53,W50,W47,W44,W41,W38,W35,W32,W29,W26,W23,W20,W17,W14) -> #REF! | X62: =SUM(#REF!,#REF!,#REF!,#REF!,#REF!,#REF!,#REF!,X59,X56,X53,X50,X47,X44,X41,X38,X35,X32,X29,X26,X23,X20,X17,X14) -> #REF! | Y62: =SUM(Y59,Y56,Y53,Y50,Y47,Y44,Y41,Y38,Y35,Y32,Y29,Y26,Y23,Y20,Y17,Y14) -> 479048.05 | Z62: =SUM(#REF!,#REF!,#REF!,#REF!,#REF!,#REF!,#REF!,Z59,Z56,Z53,Z50,Z47,Z44,Z41,Z38,Z35,Z32,Z29,Z26,Z23,Z20,Z17,Z14) -> #REF! | AA62: =SUM(#REF!,#REF!,#REF!,#REF!,#REF!,#REF!,#REF!,AA59,AA56,AA53,AA50,AA47,AA44,AA41,AA38,AA35,AA32,AA29,AA26,AA23,AA20,AA17,AA14) -> #REF! | AB62: =SUM(#REF!,#REF!,#REF!,#REF!,#REF!,#REF!,#REF!,AB59,AB56,AB53,AB50,AB47,AB44,AB41,AB38,AB35,AB32,AB29,AB26,AB23,AB20,AB17,AB14) -> #REF!
C63: PERCENTUAL SIMPLES | D63: =SUM(D61,D58,D55,D52,D49,D46,D43,D40,D37,D34,D31,D28,D25,D22,D19,D16) -> 1 | E63: =E62/$D$62 -> 0.021614562 | I63: =I62/$D$62 -> 0.11005448 | M63: =M62/$D$62 -> 0.23267862 | Q63: =Q62/$D$62 -> 0.20046851 | U63: =U62/$D$62 -> 0.31153399 | Y63: =Y62/$D$62 -> 0.12364984
C64: TOTAL ACUMULADO COM BDI | E64: =+E62 -> 83739.809 | I64: =+I62+E64 -> 510116.31 | M64: =+M62+I64 -> 1411567.1 | Q64: =+Q62+M64 -> 2188228.4 | U64: =+U62+Q64 -> 3395183.1 | Y64: =+Y62+U64 -> 3874231.1
C65: PERCENTUAL ACUMULADO | E65: =E63 -> 0.021614562 | I65: =+I63+E65 -> 0.13166904 | M65: =+M63+I65 -> 0.36434767 | Q65: =+Q63+M65 -> 0.56481617 | U65: =+U63+Q65 -> 0.87635016 | Y65: =+Y63+U65 -> 1

Sheet CURVA ABC DE SERVIÇOS (ONE)
B1: CURVA ABC DE SERVIÇOS SEM DESONERAÇÃO
B3: OBJETO: | C3: ='ORÇAMENTO SINTÉTICO - ONE'!C3 -> REFORMA / AMPLIAÇÃO - TERMINAL DE PASSAGEIROS DE ITUMBIARA | E3: DATA: | F3: ='ORÇAMENTO SINTÉTICO - ONE'!G3 -> 27/06/2025 | I3: ENCARGOS SOCIAIS HORISTAS: | J3: =+'ORÇAMENTO SINTÉTICO - ONE'!L3 -> 1.1737
B4: LOCAL: | C4: ='ORÇAMENTO RESUMO (SD)'!C4 -> AVENIDA ITUMBIARA, N. 1391, RESIDENCIAL JARDIM PRIMAVERA, ITUMBIARA - GO | E4: REVISÃO: | F4: ='ORÇAMENTO SINTÉTICO - ONE'!G4 -> 00 | I4: ENCARGOS SOCIAIS MENSALISTAS: | J4: =+'ORÇAMENTO SINTÉTICO - ONE'!L4 -> 0.7419
E5: PRAZO: | F5: ='ORÇAMENTO SINTÉTICO - ONE'!G5 -> 06 MESES | I5: BDI OBRA: | J5: =+'ORÇAMENTO SINTÉTICO - ONE'!L5 -> 0.2365
I6: BDI DIFERENCIADO: | J6: =+'ORÇAMENTO SINTÉTICO - ONE'!L6 -> 0.1948
B8: Banco | C8: Código | D8: Descrição | E8: Und | F8: Quant. | G8: Valor Unit | H8: Total | I8: Peso (%) | J8: Peso Acumulado (%)
B9: 11347 | C9: ORSE | D9: FORNECIMENTO E INSTALAÇÃO DE FACHADA EM PELE DE VIDRO, EM VIDRO LAMINADO 3+3 REFLETIVO. (Adaptado em atendimento ao Decreto 9900/2021) | E9: m² | F9: 205.32 | G9: 1749.08 | H9: =+TRUNC(F9*G9,2) -> 359121.1 | I9: =+H9/$G$306 -> 0.11379984 | J9: =+I9 -> 0.11379984
B10: 220913 | C10: AGETOP CIVIL | D10: PISO EM GRANITO IMPERMEABILIZADO E COM CONTRAPISO (1CI:3ARML) - BRANCO DALLAS | E10: m² | F10: 498.74 | G10: 375.8 | H10: =+TRUNC(F10*G10,2) -> 187426.49 | I10: =+H10/$G$306 -> 0.059392515 | J10: =+J9+I10 -> 0.17319236
B11: 160971 | C11: AGETOP CIVIL | D11: COBERTURA COM TELHA TERMOACUSTICA TRAPEZOIDAL NÚCLEO PIR 30MM EM AÇO GALVALUME, #0,43MM (TELHA/FILME) | E11: m² | F11: 723.57 | G11: 226.62 | H11: =+TRUNC(F11*G11,2) -> 163975.43 | I11: =+H11/$G$306 -> 0.051961242 | J11: =+J10+I11 -> 0.2251536
B12: 150204 | C12: AGETOP CIVIL | D12: ESTRUTURA METÁLICA CONVENCIONAL EM AÇO DO TIPO MR-250 / ASTM A36 COM FUNDO ANTICORROSIVO | E12: Kg | F12: 9212.72 | G12: 17.78 | H12: =+TRUNC(F12*G12,2) -> 163802.16 | I12: =+H12/$G$306 -> 0.051906335 | J12: =+J11+I12 -> 0.27705994
B13: 43.08.003 | C13: CPOS/CDHU | D13: CONDENSADOR PARA SISTEMA VRF DE AR CONDICIONADO, CAPACIDADE DE 11 TR A 13 TR. (Adaptado em atendimento ao Decreto 9900/2021) | E13: un | F13: 2 | G13: 61143 | H13: =+TRUNC(F13*G13,2) -> 122286 | I13: =+H13/$G$306 -> 0.038750515 | J13: =+J12+I13 -> 0.31581045
B14: 060213 | C14: AGETOP CIVIL | D14: FORMA CHAPA DE COMPENSADO PLASTIFICADO 12MM-VIGA/PILAR U=2V - (OBRAS CIVIS) | E14: m² | F14: 748.09 | G14: 135.77 | H14: =+TRUNC(F14*G14,2) -> 101568.17 | I14: =+H14/$G$306 -> 0.03218536 | J14: =+J13+I14 -> 0.34799581
B15: 43.08.042 | C15: CPOS/CDHU | D15: EVAPORADOR PARA SISTEMA VRF DE AR CONDICIONADO, TIPO CASSETE COM FRENTE/PLACA DE ACABAMENTO. (Adaptado em atendimento ao Decreto 9900/2021) | E15: un | F15: 14 | G15: 6122.21 | H15: =+TRUNC(F15*G15,2) -> 85710.94 | I15: =+H15/$G$306 -> 0.027160453 | J15: =+J14+I15 -> 0.37515626
B16: 250101 | C16: AGETOP CIVIL | D16: ENGENHEIRO - (OBRAS CIVIS) | E16: H | F16: 720 | G16: 102.16 | H16: =+TRUNC(F16*G16,2) -> 73555.2 | I16: =+H16/$G$306 -> 0.023308489 | J16: =+J15+I16 -> 0.39846475
B17: 250102 | C17: AGETOP CIVIL | D17: MESTRE DE OBRA - (OBRAS CIVIS) | E17: H | F17: 1320 | G17: 51.73 | H17: =+TRUNC(F17*G17,2) -> 68283.6 | I17: =+H17/$G$306 -> 0.021638002 | J17: =+J16+I17 -> 0.42010275
B18: 271502 | C18: AGETOP CIVIL | D18: CANTINA - (OBRAS CIVIS) | E18: RE | F18: 2948 | G18: 22.5 | H18: =+TRUNC(F18*G18,2) -> 66330 | I18: =+H18/$G$306 -> 0.021018937 | J18: =+J17+I18 -> 0.44112169
B19: 104757 | C19: SINAPI | D19: FORRO EM FIBRA MINERAL, PARA AMBIENTES COMERCIAIS, INCLUSIVE ESTRUTURA DE FIXAÇÃO. AF_08/2023. (Adaptado em atendimento ao Decreto 9900/2021) | E19: m² | F19: 475.79 | G19: 118.67 | H19: =+TRUNC(F19*G19,2) -> 56461.99 | I19: =+H19/$G$306 -> 0.017891919 | J19: =+J18+I19 -> 0.45901361
B20: 020212 | C20: AGETOP CIVIL | D20: BARRACÃO DE OBRAS PADRÃO GOINFRA ( BLOCOS,COBERTURAS,PASSARELAS E MÓVEIS), SEM ALOJAMENTO E LAVANDERIA , COM PINTURA, EM CONSONÂNCIA COM AS NR'S, EM ESPECIAL A NR-18, INCLUSO INSTALAÇÕES ELÉTRICAS E HIDROSSANITÁRIAS - ( COM REAPROVEITAMENTO 1 VEZ ). | E20: m² | F20: 176.97 | G20: 303.95 | H20: =+TRUNC(F20*G20,2) -> 53790.03 | I20: =+H20/$G$306 -> 0.017045217 | J20: =+J19+I20 -> 0.47605883
B21: 43.08.002 | C21: CPOS/CDHU | D21: CONDENSADOR PARA SISTEMA VRF DE AR CONDICIONADO, CAPACIDADE DE 8 TR A 10 TR. (Adaptado em atendimento ao Decreto 9900/2021) | E21: un | F21: 1 | G21: 53011.76 | H21: =+TRUNC(F21*G21,2) -> 53011.76 | I21: =+H21/$G$306 -> 0.016798595 | J21: =+J20+I21 -> 0.49285742
... B228: 230202 | C228: AGETOP CIVIL | D228: DOBRADICA 3” X 3 1/2” CROMADA | E228: Un | F228: 27 | G228: 20.07 | H228: =+TRUNC(F228*G228,2) -> 541.89 | I228: =+H228/$G$306 -> 0.00017171644 | J228: =+J227+I228 -> 0.9942342
B229: 241468 | C229: SEDOP | D229: PLACA DE SINALIZAÇÃO FOTOLUMINOSCENTE. (Adaptado em atendimento ao Decreto 9900/2021) | E229: un | F229: 11 | G229: 48.8 | H229: =+TRUNC(F229*G229,2)-0.005 -> 536.795 | I229: =+H229/$G$306 -> 0.00017010192 | J229: =+J228+I229 -> 0.99440431
B230: 080688 | C230: AGETOP CIVIL | D230: CUBA INOX 46X30X15CM E=0,6MM-AÇO 304 (CUBA Nº 1) | E230: Un | F230: 3 | G230: 177.66 | H230: =+TRUNC(F230*G230,2)-0.005 -> 532.975 | I230: =+H230/$G$306 -> 0.00016889142 | J230: =+J229+I230 -> 0.9945732
B231: 081935 | C231: AGETOP CIVIL | D231: JOELHO 90 GRAUS DIAMETRO 40 MM (ESGOTO) | E231: Un | F231: 37 | G231: 14.23 | H231: =+TRUNC(F231*G231,2)-0.005 -> 526.505 | I231: =+H231/$G$306 -> 0.00016684118 | J231: =+J230+I231 -> 0.99474004
B232: 081369 | C232: AGETOP CIVIL | D232: JOELHO 90 GRAUS SOLDAVEL COM BUCHA DE LATAO 25 X 3/4" | E232: Un | F232: 43 | G232: 11.68 | H232: =+TRUNC(F232*G232,2)-0.005 -> 502.235 | I232: =+H232/$G$306 -> 0.00015915039 | J232: =+J231+I232 -> 0.99489919
B233: 081974 | C233: AGETOP CIVIL | D233: JUNCAO SIMPLES DIAMETRO 100 X 75 MM (ESGOTO) | E233: Un | F233: 12 | G233: 41.33 | H233: =+TRUNC(F233*G233,2)-0.005 -> 495.955 | I233: =+H233/$G$306 -> 0.00015716036 | J233: =+J232+I233 -> 0.99505635
B234: 082003 | C234: AGETOP CIVIL | D234: LUVA SIMPLES DIAMETRO 75 MM - (ESGOTO) | E234: Un | F234: 37 | G234: 13 | H234: =+TRUNC(F234*G234,2)-0.005 -> 480.995 | I234: =+H234/$G$306 -> 0.00015241977 | J234: =+J233+I234 -> 0.99520877
B235: 230105 | C235: AGETOP CIVIL | D235: FECHADURA TIPO ALAVANCA REF. | E235: Un | F235: 4 | G235: 119.36 | H235: =+TRUNC(F235*G235,2)-0.005 -> 477.435 | I235: =+H235/$G$306 -> 0.00015129166 | J235: =+J234+I235 -> 0.99536006
B236: 082233 | C236: AGETOP CIVIL | D236: TE SANITARIO DIAMETRO 100 X 50 MM (ESGOTO) | E236: Un | F236: 16 | G236: 29.27 | H236: =+TRUNC(F236*G236,2)-0.005 -> 468.315 | I236: =+H236/$G$306 -> 0.00014840168 | J236: =+J235+I236 -> 0.99550846
B237: 081829 | C237: AGETOP CIVIL | D237: CAIXA DE INSPEÇÃO - TAMPA EM CONCRETO ARMADO 25 MPA E=5CM | E237: m² | F237: 5.12 | G237: 90.23 | H237: =+TRUNC(F237*G237,2)-0.005 -> 461.965 | I237: =+H237/$G$306 -> 0.00014638946 | J237: =+J236+I237 -> 0.99565485
B238: 080656 | C238: AGETOP CIVIL | D238: TORNEIRA DE MESA PARA PIA DIÂMETRO DE 1/2” - BICA MÓVEL | E238: un | F238: 3 | G238: 151.77 | H238: =+TRUNC(F238*G238,2) -> 455.31 | I238: =+H238/$G$306 -> 0.0001442806 | J238: =+J237+I238 -> 0.99579913
B239: 081784 | C239: AGETOP CIVIL | D239: GRELHA REDONDA ACO INOX ROTATIVA DIAM. 150 MM | E239: Un | F239: 9 | G239: 49.99 | H239: =+TRUNC(F239*G239,2) -> 449.91 | I239: =+H239/$G$306 -> 0.00014256942 | J239: =+J238+I239 -> 0.9959417
B240: 071441 | C240: AGETOP CIVIL | D240: INTERRUPTOR SIMPLES (2 SECOES) | E240: Un | F240: 15 | G240: 29.35 | H240: =+TRUNC(F240*G240,2) -> 440.25 | I240: =+H240/$G$306 -> 0.00013950832 | J240: =+J239+I240 -> 0.99608121
B241: 070634 | C241: AGETOP CIVIL | D241: CAIXA DE PASSAGEM - TAMPA EM CONCRETO ARMADO 25 MPA E=5CM | E241: m² | F241: 4.68 | G241: 90.23 | H241: =+TRUNC(F241*G241,2) -> 422.27 | I241: =+H241/$G$306 -> 0.00013381074 | J241: =+J240+I241 -> 0.99621502
B242: 071177 | C242: AGETOP CIVIL | D242: DISJUNTOR TRIPOLAR DE 150 A 175-A | E242: Un | F242: 1 | G242: 419.95 | H242: =+TRUNC(F242*G242,2) -> 419.95 | I242: =+H242/$G$306 -> 0.00013307557 | J242: =+J241+I242 -> 0.9963481
B243: 081664 | C243: AGETOP CIVIL | D243: CORPO CAIXA SIFONADA DIAM. 150 X 185 X 75 | E243: Un | F243: 9 | G243: 45.72 | H243: =+TRUNC(F243*G243,2) -> 411.48 | I243: =+H243/$G$306 -> 0.00013039156 | J243: =+J242+I243 -> 0.99647849
B244: 081402 | C244: AGETOP CIVIL | D244: TE 90 GRAUS SOLDAVEL DIAMETRO 25 MM | E244: Un | F244: 44 | G244: 9.22 | H244: =+TRUNC(F244*G244,2) -> 405.68 | I244: =+H244/$G$306 -> 0.00012855363 | J244: =+J243+I244 -> 0.99660704
B245: 95693 | C245: SINAPI | D245: LUVA SIMPLES, PVC, SÉRIE NORMAL, ESGOTO PREDIAL, DN 150 MM, JUNTA ELÁSTICA, FORNECIDO E INSTALADO EM SUBCOLETOR AÉREO DE ESGOTO SANITÁRIO. AF_08/2022. (Adaptado em atendimento ao Decreto 9900/2021) | E245: UN | F245: 8 | G245: 48.77 | H245: =+TRUNC(F245*G245,2) -> 390.16 | I245: =+H245/$G$306 -> 0.00012363558 | J245: =+J244+I245 -> 0.99673068
B246: 42.05.310 | C246: CPOS/CDHU | D246: CAIXA DE INSPEÇÃO DO TERRA CILÍNDRICA EM PVC RÍGIDO, DIÂMETRO DE 300 MM - H= 250 MM. (Adaptado para atendimento do Decreto 9900/2021) | E246: un | F246: 14 | G246: 27.74 | H246: =+TRUNC(F246*G246,2) -> 388.36 | I246: =+H246/$G$306 -> 0.00012306519 | J246: =+J245+I246 -> 0.99685374
B247: 070561 | C247: AGETOP CIVIL | D247: CABO ISOLADO PP 3 X 2,5 MM2 | E247: M | F247: 24 | G247: 15.98 | H247: =+TRUNC(F247*G247,2) -> 383.52 | I247: =+H247/$G$306 -> 0.00012153147 | J247: =+J246+I247 -> 0.99697527
B248: 070255 | C248: AGETOP CIVIL | D248: ATERRAMENTO - SOLDA EXOTÉRMICA - CARTUCHO 90 G | E248: un | F248: 12 | G248: 29.74 | H248: =+TRUNC(F248*G248,2) -> 356.88 | I248: =+H248/$G$306 -> 0.00011308967 | J248: =+J247+I248 -> 0.99708836
B249: 080520 | C249: AGETOP CIVIL | D249: CONJUNTO DE FIXACAO P/VASO SANITARIO (PAR) | E249: CJ | F249: 18 | G249: 19.78 | H249: =+TRUNC(F249*G249,2) -> 356.04 | I249: =+H249/$G$306 -> 0.00011282349 | J249: =+J248+I249 -> 0.99720119
... B293: 94489 | C293: SINAPI | D293: REGISTRO DE ESFERA, PVC, SOLDÁVEL, COM VOLANTE, DN 25 MM - FORNECIMENTO E INSTALAÇÃO. AF_08/2021. (Adaptado em atendimento ao Decreto 9900/2021) | E293: UN | F293: 3 | G293: 19.54 | H293: =+TRUNC(F293*G293,2) -> 58.62 | I293: =+H293/$G$306 -> 1.8575759e-05 | J293: =+J292+I293 -> 0.99988701
B294: 081041 | C294: AGETOP CIVIL | D294: ADAPTADOR PVC SOLDÁVEL LONGO COM FLANGES LIVRES PARA CAIXA D'ÁGUA 25X3/4" | E294: Un | F294: 3 | G294: 18.08 | H294: =+TRUNC(F294*G294,2)-0.005 -> 54.235 | I294: =+H294/$G$306 -> 1.7186221e-05 | J294: =+J293+I294 -> 0.9999042
B295: 104351 | C295: SINAPI | D295: TERMINAL DE VENTILAÇÃO, PVC, SÉRIE NORMAL, ESGOTO PREDIAL, DN 75 MM, JUNTA SOLDÁVEL, FORNECIDO E INSTALADO EM PRUMADA DE ESGOTO SANITÁRIO OU VENTILAÇÃO. AF_08/2022. (Adaptado em atendimento ao Decreto 9900/2021) | E295: UN | F295: 2 | G295: 22.65 | H295: =+TRUNC(F295*G295,2)-0.005 -> 45.295 | I295: =+H295/$G$306 -> 1.4353275e-05 | J295: =+J294+I295 -> 0.99991855
B296: 081424 | C296: AGETOP CIVIL | D296: TE REDUCAO 90 GRAUS SOLDAVEL 50 X 25 MM | E296: Un | F296: 2 | G296: 21.93 | H296: =+TRUNC(F296*G296,2)-0.005 -> 43.855 | I296: =+H296/$G$306 -> 1.3896962e-05 | J296: =+J295+I296 -> 0.99993245
B297: 071442 | C297: AGETOP CIVIL | D297: INTERRUPTOR SIMPLES (3 SECOES) | E297: Un | F297: 1 | G297: 42.98 | H297: =+TRUNC(F297*G297,2)-0.005 -> 42.975 | I297: =+H297/$G$306 -> 1.3618103e-05 | J297: =+J296+I297 -> 0.99994607
B298: 081970 | C298: AGETOP CIVIL | D298: JUNCAO SIMPLES DIAMETRO 50 X 50 MM (ESGOTO) | E298: Un | F298: 2 | G298: 21.25 | H298: =+TRUNC(F298*G298,2)-0.005 -> 42.495 | I298: =+H298/$G$306 -> 1.3465999e-05 | J298: =+J297+I298 -> 0.99995953
B299: 071796 | C299: AGETOP CIVIL | D299: ORGANIZADOR DE CABOS (GUIA) PARA RACK 19" 1U | E299: Un | F299: 1 | G299: 34.71 | H299: =+TRUNC(F299*G299,2)-0.005 -> 34.705 | I299: =+H299/$G$306 -> 1.099747e-05 | J299: =+J298+I299 -> 0.99997053
B300: 103841 | C300: SINAPI | D300: COTOVELO EM COBRE, DN 22 MM, 90 GRAUS, SEM ANEL DE SOLDA, INSTALADO EM RAMAL E SUB-RAMAL DE GÁS MEDICINAL - FORNECIMENTO E INSTALAÇÃO. AF_04/2022. (Adaptado para atendimento do Decreto 9900/2021) | E300: UN | F300: 1 | G300: 26.39 | H300: =+TRUNC(F300*G300,2)-0.005 -> 26.385 | I300: =+H300/$G$306 -> 8.3609927e-06 | J300: =+J299+I300 -> 0.99997889
B301: 071268 | C301: AGETOP CIVIL | D301: ELO FUSÍVEL 6 K | E301: Un | F301: 1 | G301: 20.09 | H301: =+TRUNC(F301*G301,2)-0.005 -> 20.085 | I301: =+H301/$G$306 -> 6.3646215e-06 | J301: =+J300+I301 -> 0.99998526
B302: 081602 | C302: AGETOP CIVIL | D302: BUCHA DE REDUCAO LONGA 50 X 40 MM - (ESGOTO) | E302: Un | F302: 2 | G302: 8.37 | H302: =+TRUNC(F302*G302,2)-0.005 -> 16.735 | I302: =+H302/$G$306 -> 5.303059e-06 | J302: =+J301+I302 -> 0.99999056
B303: 082201 | C303: AGETOP CIVIL | D303: TE 90 GRAUS DIAMETRO 40 MM - ESGOTO | E303: Un | F303: 1 | G303: 15.13 | H303: =+TRUNC(F303*G303,2)+0.005 -> 15.135 | I303: =+H303/$G$306 -> 4.7960441e-06 | J303: =+J302+I303 -> 0.99999536
B304: 071267 | C304: AGETOP CIVIL | D304: ELO FUSÍVEL 5 H | E304: Un | F304: 1 | G304: 14.65 | H304: =+TRUNC(F304*G304,2) -> 14.65 | I304: =+H304/$G$306 -> 4.6423552e-06 | J304: =+J303+I304 -> 1
E306: Total sem BDI | G306: =+'ORÇAMENTO RESUMO (SD)'!K26 -> 3155725.8
E307: Total do BDI | G307: =+'ORÇAMENTO RESUMO (SD)'!K27 -> 718505.37
E308: Total Geral | G308: =+G306+G307 -> 3874231.1

Sheet BDI NORMAL (ONE) 
B1: BONIFICAÇÃO DE DESPESAS INDIRETAS BDI - NORMAL SEM DESONERAÇÃO
B4: OBJETO: | C4: ='CURVA ABC DE SERVIÇOS (ONE)'!C3 -> REFORMA / AMPLIAÇÃO - TERMINAL DE PASSAGEIROS DE ITUMBIARA | N4: DATA: | O4: ='CURVA ABC DE SERVIÇOS (ONE)'!F3 -> 27/06/2025
B5: LOCAL: | C5: ='CURVA ABC DE SERVIÇOS (ONE)'!C4 -> AVENIDA ITUMBIARA, N. 1391, RESIDENCIAL JARDIM PRIMAVERA, ITUMBIARA - GO | N5: REVISÃO: | O5: ='CURVA ABC DE SERVIÇOS (ONE)'!F4 -> 00
B7: Município da Obra | E7: MATRINCHÃ - GO
B8: Base de cálculo ISS do município | E8: 1 | F8: ISS: | G8: 0.05
C10: Descrição | F10: Valor percentual adotado | I10: Limites das parcelas do BDI para obras do tipo acima selecionado. Acórdão TCU 2622/2013 | M10: Limites do valor do BDI para obras do tipo acima selecionado. Acórdão TCU 2622/2013
I11: Mín | J11: Med. | K11: Máx. | M11: 20.34 | N11: 22.12 | O11: 25
C12: (AC) - Administração Central | F12: 4 | I12: 3 | J12: 4 | K12: 5.5
C13: (S) + (G) - Seguro e Garantia | F13: 0.12 | I13: 0.8 | J13: 0.8 | K13: 1
C14: (R) - Risco | F14: =I14 -> 0.97 | I14: 0.97 | J14: 1.27 | K14: 1.27
C15: (DF) - Despesas Financeiras | F15: 1.17 | I15: 0.59 | J15: 1.23 | K15: 1.39
C16: (L) - Lucro | F16: 7.4 | I16: 6.16 | J16: 7.4 | K16: 8.96
C17: (I1) - PIS | F17: 0.654 | I17: 0.65 | J17: 0.65 | K17: 0.65
C18: (I2) - COFINS | F18: =I18 -> 3 | I18: 3 | J18: 3 | K18: 3
C19: (I3) - ISS | F19: 4 | I19: 2 | J19: 2 | K19: 5
C20: (I4) - Contribuição Previdenciária (CPRB)
C21: BDI Adotado | F21: =TRUNC((((((1+F12/100+F13/100+F14/100)*(1+F15/100)*(1+F16/100))/(1-(F17/100+F18/100+F19/100+F20/100)))-1)*100),2) -> 23.65 | I21: *Fonte da composição, valores de referência e fórmula do BDI: Acórdão 2622/2013-TCU-Plenário
B23: O valores do BDI acima foram calculados com emprego da equação a seguir:
B25: Onde:
B26: AC - taxa de rateio da Administração Central
B27: DF - taxa das despesas financeiras
B28: R, S, G - taxa de risco, seguro e garantia do empreendimento
B29: I - taxa de tributos (onerado: I = COFINS+PIS+ISS / desonerado: I = COFINS+PIS+ISS+CPRB)
B30: L - taxa de lucro

Sheet BDI DIFERENCIADO (ONE) 
B1: BONIFICAÇÃO DE DESPESAS INDIRETAS BDI - DIFERENCIADO SEM DESONERAÇÃO
B4: OBJETO: | C4: ='CURVA ABC DE SERVIÇOS (ONE)'!C3 -> REFORMA / AMPLIAÇÃO - TERMINAL DE PASSAGEIROS DE ITUMBIARA | N4: DATA: | O4: ='CURVA ABC DE SERVIÇOS (ONE)'!F3 -> 27/06/2025
B5: LOCAL: | C5: ='CURVA ABC DE SERVIÇOS (ONE)'!C4 -> AVENIDA ITUMBIARA, N. 1391, RESIDENCIAL JARDIM PRIMAVERA, ITUMBIARA - GO | N5: REVISÃO: | O5: ='CURVA ABC DE SERVIÇOS (ONE)'!F4 -> 00
B7: Município da Obra | E7: MATRINCHÃ - GO
B8: Base de cálculo ISS do município | E8: 1 | F8: ISS: | G8: 0.05
C10: Descrição | F10: Valor percentual adotado | I10: Limites das parcelas do BDI para obras do tipo acima selecionado. Acórdão TCU 2622/2013 | M10: Limites do valor do BDI para obras do tipo acima selecionado. Acórdão TCU 2622/2013
I11: Mín | J11: Med. | K11: Máx. | M11: 11.1 | N11: 14.02 | O11: 16.8
C12: (AC) - Administração Central | F12: 3.45 | I12: 1.5 | J12: 3.45 | K12: 4.49
C13: (S) + (G) - Seguro e Garantia | F13: 0.06 | I13: 0.3 | J13: 0.48 | K13: 0.82
C14: (R) - Risco | F14: 0.56 | I14: 0.56 | J14: 0.85 | K14: 0.89
C15: (DF) - Despesas Financeiras | F15: 1.17 | I15: 0.85 | J15: 0.85 | K15: 1.11
C16: (L) - Lucro | F16: 4.8 | I16: 3.5 | J16: 5.11 | K16: 6.22
C17: (I1) - PIS | F17: 0.65 | I17: 0.65 | J17: 0.65 | K17: 0.65
C18: (I2) - COFINS | F18: 3 | I18: 3 | J18: 3 | K18: 3
C19: (I3) - ISS | F19: 4 | I19: 2 | J19: 2 | K19: 5
C20: (I4) - Contribuição Previdenciária (CPRB)
C21: BDI Adotado | F21: =TRUNC((((((1+F12/100+F13/100+F14/100)*(1+F15/100)*(1+F16/100))/(1-(F17/100+F18/100+F19/100+F20/100)))-1)*100),2) -> 19.48 | I21: *Fonte da composição, valores de referência e fórmula do BDI: Acórdão 2622/2013-TCU-Plenário
B23: O valores do BDI acima foram calculados com emprego da equação a seguir:
B25: Onde:
B26: AC - taxa de rateio da Administração Central
B27: DF - taxa das despesas financeiras
B28: R, S, G - taxa de risco, seguro e garantia do empreendimento
B29: I - taxa de tributos (onerado: I = COFINS+PIS+ISS / desonerado: I = COFINS+PIS+ISS+CPRB)
B30: L - taxa de lucro

Sheet ENCARGOS SOCIAIS
B1: DEMONSTRATIVO DE ENCARGOS SOCIAIS
B3: OBJETO: | C3: ='BDI DIFERENCIADO (ONE) '!C4 -> REFORMA / AMPLIAÇÃO - TERMINAL DE PASSAGEIROS DE ITUMBIARA | F3: DATA: | G3: ='BDI DIFERENCIADO (ONE) '!O4 -> 27/06/2025
B4: LOCAL: | C4: ='BDI DIFERENCIADO (ONE) '!C5 -> AVENIDA ITUMBIARA, N. 1391, RESIDENCIAL JARDIM PRIMAVERA, ITUMBIARA - GO | F4: REVISÃO: | G4: ='BDI DIFERENCIADO (ONE) '!O5 -> 00
B7: CÓDIGO | C7: DESCRIÇÃO | D7: COM DESONERAÇÃO | F7: SEM DESONERAÇÃO
D8: HORISTA % | E8: MENSALISTA % | F8: HORISTA % | G8: MENSALISTA %
B9: GRUPO A
B10: A1 | C10: INSS | D10: 0.05 | E10: 0.05 | F10: 0.2 | G10: 0.2
B11: A2 | C11: FGTS | D11: 0.08 | E11: 0.08 | F11: 0.08 | G11: 0.08
B12: A3 | C12: SESI | D12: 0.015 | E12: 0.015 | F12: 0.015 | G12: 0.015
B13: A4 | C13: SENAI | D13: 0.01 | E13: 0.01 | F13: 0.01 | G13: 0.01
B14: A5 | C14: INCRA | D14: 0.002 | E14: 0.002 | F14: 0.002 | G14: 0.002
B15: A6 | C15: Salário Educação | D15: 0.025 | E15: 0.025 | F15: 0.025 | G15: 0.025
B16: A7 | C16: Seguro Contra Acidentes de Trabalho INSS | D16: 0.03 | E16: 0.03 | F16: 0.03 | G16: 0.03
B17: A8 | C17: SEBRAE | D17: 0.006 | E17: 0.006 | F17: 0.006 | G17: 0.006
B18: A9 | C18: SECONCI | D18: 0.01 | E18: 0.01 | F18: 0.01 | G18: 0.01
B19: A | C19: Total | D19: =SUM(D10:D18) -> 0.228 | E19: =SUM(E10:E18) -> 0.228 | F19: =SUM(F10:F18) -> 0.378 | G19: =SUM(G10:G18) -> 0.378
B20: GRUPO B
B21: B1 | C21: Repouso Semanal Remunerado | D21: 0.1816 | E21: Não incide | F21: 0.1816 | G21: Não incide
B22: B2 | C22: Feriados | D22: 0.0417 | E22: Não incide | F22: 0.0417 | G22: Não incide
B23: B3 | C23: Auxílio Enfermidade | D23: 0.0094 | E23: 0.007 | F23: 0.0094 | G23: 0.007
B24: B4 | C24: Auxílio Acidente | D24: 0.0005 | E24: 0.0004 | F24: 0.0005 | G24: 0.0004
B25: B5 | C25: Licença Paternidade | D25: 0.0006 | E25: 0.0005 | F25: 0.0006 | G25: 0.0005
B26: B6 | C26: Faltas Justificadas | D26: 0.0075 | E26: 0.0056 | F26: 0.0075 | G26: 0.0056
B27: B7 | C27: Férias gozadas | D27: 0.119 | E27: 0.0888 | F27: 0.119 | G27: 0.0888
B28: B8 | C28: Licença Maternidade | D28: 0.0001 | E28: 0.0001 | F28: 0.0001 | G28: 0.0001
B29: B9 | C29: 13° Salário | D29: 0.1117 | E29: 0.0833 | F29: 0.1117 | G29: 0.0833
B30: B | C30: Total | D30: =SUM(D21:D29) -> 0.4721 | E30: =SUM(E21:E29) -> 0.1857 | F30: =SUM(F21:F29) -> 0.4721 | G30: =SUM(G21:G29) -> 0.1857
B31: GRUPO C
B32: C1 | C32: Aviso Prévio Indenizado | D32: 0.0698 | E32: 0.052 | F32: 0.0698 | G32: 0.052
B33: C2 | C33: Aviso Prévio Trabalhado | D33: 0.0016 | E33: 0.0012 | F33: 0.0016 | G33: 0.0012
B34: C3 | C34: Férias Indenizadas + 1/3 | D34: 0.0235 | E34: 0.0174 | F34: 0.0235 | G34: 0.0174
B35: C4 | C35: Multa por Rescisão do Contrato de Trabalho sem Justa Causa | D35: 0.0381 | E35: 0.0283 | F35: 0.0381 | G35: 0.0283
B36: C5 | C36: Indenização Adicional | D36: 0.0059 | E36: 0.0044 | F36: 0.0059 | G36: 0.0044
B37: C | C37: Total | D37: =SUM(D32:D36) -> 0.1389 | E37: =SUM(E32:E36) -> 0.1033 | F37: =SUM(F32:F36) -> 0.1389 | G37: =SUM(G32:G36) -> 0.1033
B38: GRUPO D
B39: D1 | C39: Incidência do Grupo A sobre B | D39: 0.1021 | E39: 0.0382 | F39: 0.1785 | G39: 0.0702
B40: D2 | C40: Incidência do Grupo A sobre o aviso prévio trabalhado | D40: 0.0004 | E40: 0.0003 | F40: 0.0006 | G40: 0.0005
B41: D3 | C41: Incidência do FGTS sobre o aviso prévio indenizado | D41: 0.0056 | E41: 0.0042 | F41: 0.0056 | G41: 0.0042
B42: D | C42: Total | D42: =SUM(D39:D41) -> 0.1081 | E42: =SUM(E39:E41) -> 0.0427 | F42: =SUM(F39:F41) -> 0.1847 | G42: =SUM(G39:G41) -> 0.0749
B43: TOTAL(A+B+C+D) | D43: =SUM(D42,D37,D30,D19) -> 0.9471 | E43: =SUM(E42,E37,E30,E19) -> 0.5597 | F43: =SUM(F42,F37,F30,F19) -> 1.1737 | G43: =SUM(G42,G37,G30,G19) -> 0.7419

Sheet CAPA - ORÇAMENTO (DES)
C9: ORÇAMENTO COM DESONERAÇÃO

Sheet ORÇAMENTO SINTÉTICO (DES)
B1: ORÇAMENTO SINTÉTICO SEM DESONERAÇÃO
B3: OBJETO: | C3: ='ORÇAMENTO RESUMO (SD)'!C3 -> REFORMA / AMPLIAÇÃO - TERMINAL DE PASSAGEIROS DE ITUMBIARA | F3: DATA: | G3: ='ORÇAMENTO RESUMO (SD)'!G3 -> 27/06/2025 | K3: ENCARGOS SOCIAIS HORISTAS: | L3: ='ENCARGOS SOCIAIS'!D43 -> 0.9471
B4: LOCAL: | C4: ='ORÇAMENTO RESUMO (SD)'!C4 -> AVENIDA ITUMBIARA, N. 1391, RESIDENCIAL JARDIM PRIMAVERA, ITUMBIARA - GO | F4: REVISÃO: | G4: ='ORÇAMENTO RESUMO (SD)'!G4 -> 00 | K4: ENCARGOS SOCIAIS MENSALISTAS: | L4: ='ENCARGOS SOCIAIS'!E43 -> 0.5597
F5: PRAZO: | G5: ='ORÇAMENTO RESUMO (SD)'!G5 -> 06 MESES | K5: BDI OBRA: | L5: =+'BDI NORMAL (DES)'!F21/100 -> 0.2866
K6: BDI DIFERENCIADO: | L6: =+'BDI DIFERENCIADO (DES)'!F21/100 -> 0.2433
B8: Item | C8: Código | D8: Banco | E8: Descrição | F8: Und | G8: Qtd | H8: Valor Unit | I8: Valor Total sem BDI | J8: BDI | K8: Valor Unit com BDI | L8: Valor Total com BDI
B9: 1 | E9: ADMINISTRAÇÃO LOCAL | I9: =SUBTOTAL(9,I10:I16) -> 258671.45 | L9: =SUBTOTAL(9,L10:L16) -> 332736.29
B10: 1.1 | C10: 250101 | D10: AGETOP CIVIL | E10: ENGENHEIRO - (OBRAS CIVIS) | F10: H | G10: 720 | H10: 91.47 | I10: =TRUNC(G10 * H10, 2) -> 65858.4 | J10: =+$L$5 -> 0.2866 | K10: =TRUNC(H10 * (1 + J10), 2) -> 117.68 | L10: =TRUNC(G10 * K10, 2) -> 84729.6
B11: 1.2 | C11: 250102 | D11: AGETOP CIVIL | E11: MESTRE DE OBRA - (OBRAS CIVIS) | F11: H | G11: 1320 | H11: 46.32 | I11: =TRUNC(G11 * H11, 2) -> 61142.4 | J11: =+$L$5 -> 0.2866 | K11: =TRUNC(H11 * (1 + J11), 2) -> 59.59 | L11: =TRUNC(G11 * K11, 2) -> 78658.8
B12: 1.3 | C12: 250105 | D12: AGETOP CIVIL | E12: ALMOXARIFE - (OBRAS CIVIS) | F12: H | G12: 1320 | H12: 16.79 | I12: =TRUNC(G12 * H12, 2) -> 22162.8 | J12: =+$L$5 -> 0.2866 | K12: =TRUNC(H12 * (1 + J12), 2) -> 21.6 | L12: =TRUNC(G12 * K12, 2) -> 28512
B13: 1.4 | C13: 021602 | D13: AGETOP CIVIL | E13: EPI/PGR/PCMSO/EXAMES/TREINAMENTOS/VISITAS - ÁREAS EDIFICADAS/COBERTAS/FECHADAS | F13: m² | G13: 602.46 | H13: 48.22 | I13: =TRUNC(G13 * H13, 2) -> 29050.62 | J13: =+$L$5 -> 0.2866 | K13: =TRUNC(H13 * (1 + J13), 2) -> 62.03 | L13: =TRUNC(G13 * K13, 2) -> 37370.59
B14: 1.5 | C14: 020200 | D14: AGETOP CIVIL | E14: FERRAMENTAS (MANUAIS/ELÉTRICAS) E MATERIAL DE LIMPEZA PERMANENTE DA OBRA - ÁREAS EDIFICADAS/COBERTAS/FECHADAS | F14: m² | G14: 602.46 | H14: 6.91 | I14: =TRUNC(G14 * H14, 2) -> 4162.99 | J14: =+$L$5 -> 0.2866 | K14: =TRUNC(H14 * (1 + J14), 2) -> 8.89 | L14: =TRUNC(G14 * K14, 2) -> 5355.86
B15: 1.6 | C15: 271502 | D15: AGETOP CIVIL | E15: CANTINA - (OBRAS CIVIS) | F15: RE | G15: 2948 | H15: 22.5 | I15: =TRUNC(G15 * H15, 2) -> 66330 | J15: =+$L$5 -> 0.2866 | K15: =TRUNC(H15 * (1 + J15), 2) -> 28.94 | L15: =TRUNC(G15 * K15, 2) -> 85315.12
B16: 1.7 | C16: 271500 | D16: AGETOP CIVIL | E16: CAFE DA MANHA | F16: RE | G16: 2948 | H16: 3.38 | I16: =TRUNC(G16 * H16, 2) -> 9964.24 | J16: =+$L$5 -> 0.2866 | K16: =TRUNC(H16 * (1 + J16), 2) -> 4.34 | L16: =TRUNC(G16 * K16, 2) -> 12794.32
B17: 2 | E17: CANTEIRO | I17: =SUBTOTAL(9,I18:I28) -> 121717.2 | L17: =SUBTOTAL(9,L18:L28) -> 156585.11
B18: 2.1 | C18: 020212 | D18: AGETOP CIVIL | E18: BARRACÃO DE OBRAS PADRÃO GOINFRA ( BLOCOS,COBERTURAS,PASSARELAS E MÓVEIS), SEM ALOJAMENTO E LAVANDERIA , COM PINTURA, EM CONSONÂNCIA COM AS NR'S, EM ESPECIAL A NR-18, INCLUSO INSTALAÇÕES ELÉTRICAS E HIDROSSANITÁRIAS - ( COM REAPROVEITAMENTO 1 VEZ ). | F18: m² | G18: 176.97 | H18: 296.53 | I18: =TRUNC(G18 * H18, 2) -> 52476.91 | J18: =+$L$5 -> 0.2866 | K18: =TRUNC(H18 * (1 + J18), 2) -> 381.51 | L18: =TRUNC(G18 * K18, 2) -> 67515.82
B19: 2.2 | C19: 020303 | D19: AGETOP CIVIL | E19: DEPÓSITO PARA CIMENTO TIPO II COM PINTURA PADRÃO GOINFRA (3,30 X 3,30 M) A=10,89 M2 (C/ REAPROV. 1 VEZ ) - INCLUSO PALETES | F19: un | G19: 1 | H19: 3539.07 | I19: =TRUNC(G19 * H19, 2) -> 3539.07 | J19: =+$L$5 -> 0.2866 | K19: =TRUNC(H19 * (1 + J19), 2) -> 4553.36 | L19: =TRUNC(G19 * K19, 2) -> 4553.36
B20: 2.3 | C20: 020400 | D20: AGETOP CIVIL | E20: LIGAÇÃO PROVISÓRIA DE ÁGUA (INCLUSO RETIRADA DO ESGOTO SANITÁRIO) - PD. GOINFRA | F20: Un | G20: 1 | H20: 3268.49 | I20: =TRUNC(G20 * H20, 2) -> 3268.49 | J20: =+$L$5 -> 0.2866 | K20: =TRUNC(H20 * (1 + J20), 2) -> 4205.23 | L20: =TRUNC(G20 * K20, 2) -> 4205.23
B21: 2.4 | C21: 020501 | D21: AGETOP CIVIL | E21: LIGAÇÃO PROVISÓRIA LUZ E FORÇA - PD. GOINFRA | F21: Un | G21: 1 | H21: 4767.99 | I21: =TRUNC(G21 * H21, 2) -> 4767.99 | J21: =+$L$5 -> 0.2866 | K21: =TRUNC(H21 * (1 + J21), 2) -> 6134.49 | L21: =TRUNC(G21 * K21, 2) -> 6134.49
B22: 2.5 | C22: 020600 | D22: AGETOP CIVIL | E22: TAPUME EM CHAPA COMPENSADA RESINADA 6MM COM PORTÕES E FERRAGENS - PADRÃO GOINFRA | F22: m² | G22: 173.8 | H22: 74 | I22: =TRUNC(G22 * H22, 2) -> 12861.2 | J22: =+$L$5 -> 0.2866 | K22: =TRUNC(H22 * (1 + J22), 2) -> 95.2 | L22: =TRUNC(G22 * K22, 2) -> 16545.76
B23: 2.6 | C23: 021301 | D23: AGETOP CIVIL | E23: PLACA DE OBRA PLOTADA EM CHAPA METÁLICA 26 , AFIXADA EM CAVALETES DE MADEIRA DE LEI (VIGOTAS 6X12CM) - PADRÃO GOINFRA | F23: m² | G23: 7.5 | H23: 372.02 | I23: =TRUNC(G23 * H23, 2) -> 2790.15 | J23: =+$L$5 -> 0.2866 | K23: =TRUNC(H23 * (1 + J23), 2) -> 478.64 | L23: =TRUNC(G23 * K23, 2) -> 3589.8
B24: 2.7 | C24: 021399 | D24: AGETOP CIVIL | E24: CONSUMO DE ESGOTO | F24: m³ | G24: 278.82 | H24: 9.38 | I24: =TRUNC(G24 * H24, 2) -> 2615.33 | J24: =+$L$5 -> 0.2866 | K24: =TRUNC(H24 * (1 + J24), 2) -> 12.06 | L24: =TRUNC(G24 * K24, 2) -> 3362.56
B25: 2.8 | C25: 021400 | D25: AGETOP CIVIL | E25: CONSUMO DE ÁGUA | F25: m³ | G25: 278.82 | H25: 11.73 | I25: =TRUNC(G25 * H25, 2) -> 3270.55 | J25: =+$L$5 -> 0.2866 | K25: =TRUNC(H25 * (1 + J25), 2) -> 15.09 | L25: =TRUNC(G25 * K25, 2) -> 4207.39
B26: 2.9 | C26: 021401 | D26: AGETOP CIVIL | E26: CONSUMO DE ENERGIA ELÉTRICA | F26: KWH | G26: 1985.21 | H26: 0.92 | I26: =TRUNC(G26 * H26, 2) -> 1826.39 | J26: =+$L$5 -> 0.2866 | K26: =TRUNC(H26 * (1 + J26), 2) -> 1.18 | L26: =TRUNC(G26 * K26, 2) -> 2342.54
B27: 2.10 | C27: 060104 | D27: AGETOP CIVIL | E27: ANDAIME METALICO TORRE (ALUGUEL/MES) | F27: mxmes | G27: 384 | H27: 35.13 | I27: =TRUNC(G27 * H27, 2) -> 13489.92 | J27: =+$L$5 -> 0.2866 | K27: =TRUNC(H27 * (1 + J27), 2) -> 45.19 | L27: =TRUNC(G27 * K27, 2) -> 17352.96
B28: 2.11 | C28: 62.00.95 | D28: EMBASA | E28: VIGILÂNCIA REMOTA COM CFTV, POR CÂMERA MES | F28: UNx | G28: 80 | H28: 260.14 | I28: =TRUNC(G28 * H28, 2) -> 20811.2 | J28: =+$L$5 -> 0.2866 | K28: =TRUNC(H28 * (1 + J28), 2) -> 334.69 | L28: =TRUNC(G28 * K28, 2) -> 26775.2
B29: 3 | E29: SERVIÇOS PRELIMINARES | I29: =SUBTOTAL(9,I30:I43) -> 20114.44 | K29: =SUBTOTAL(9,K30:K43) -> 1008.63 | L29: =SUBTOTAL(9,L30:L43) -> 25870.78
B30: 3.1 | E30: DEMOLIÇÕES | I30: =SUBTOTAL(9,I31:I37) -> 4438.88 | K30: =SUBTOTAL(9,K31:K37) -> 869.93 | L30: =SUBTOTAL(9,L31:L37) -> 5709.11
B31: 3.1.1 | C31: 020102 | D31: AGETOP CIVIL | E31: DEMOLICAO MANUAL COBERTURA TELHA FIBROCIMENTO/FIBRA DE VIDRO/SIMILARES C/ TRANSP. ATÉ CB. E CARGA | F31: m² | G31: 76.75 | H31: 3.15 | I31: =TRUNC(G31 * H31, 2) -> 241.76 | J31: =+$L$5 -> 0.2866 | K31: =TRUNC(H31 * (1 + J31), 2) -> 4.05 | L31: =TRUNC(G31 * K31, 2) -> 310.83
B32: 3.1.2 | C32: 020103 | D32: AGETOP CIVIL | E32: DEMOLIÇÃO MANUAL ESTRUTURA EM MADEIRA TELHADO COM TRANSPORTE ATÉ CAÇAMBA E CARGA | F32: m² | G32: 76.75 | H32: 16.42 | I32: =TRUNC(G32 * H32, 2) -> 1260.23 | J32: =+$L$5 -> 0.2866 | K32: =TRUNC(H32 * (1 + J32), 2) -> 21.12 | L32: =TRUNC(G32 * K32, 2) -> 1620.96
B33: 3.1.3 | C33: 020112 | D33: AGETOP CIVIL | E33: DEMOLIÇÃO MANUAL DE PISO CERÂMICO INCLUSIVE RETIRADA DE CONTRAPISO SOBRE LASTRO DE CONCRETO COM TRANSPORTE ATÉ CAÇAMBA E CARGA | F33: m² | G33: 76.75 | H33: 16.58 | I33: =TRUNC(G33 * H33, 2) -> 1272.51 | J33: =+$L$5 -> 0.2866 | K33: =TRUNC(H33 * (1 + J33), 2) -> 21.33 | L33: =TRUNC(G33 * K33, 2) -> 1637.07
B34: 3.1.4 | C34: 020118 | D34: AGETOP CIVIL | E34: DEMOLIÇÃO MANUAL ALVENARIA TIJOLO SEM REAPROVEITAMENTO COM TRANSPORTE ATE CAÇAMBA E CARGA | F34: m³ | G34: 15.94 | H34: 39.49 | I34: =TRUNC(G34 * H34, 2) -> 629.47 | J34: =+$L$5 -> 0.2866 | K34: =TRUNC(H34 * (1 + J34), 2) -> 50.8 | L34: =TRUNC(G34 * K34, 2) -> 809.75
B35: 3.1.5 | C35: 020128 | D35: AGETOP CIVIL | E35: DEMOLIÇÃO MANUAL DE PILAR EM CONCRETO ARMADO COM TRANSPORTE ATE A CAÇAMBA E CARGA | F35: m³ | G35: 1.01 | H35: 284.34 | I35: =TRUNC(G35 * H35, 2) -> 287.18 | J35: =+$L$5 -> 0.2866 | K35: =TRUNC(H35 * (1 + J35), 2) -> 365.83 | L35: =TRUNC(G35 * K35, 2) -> 369.48
B36: 3.1.6 | C36: 020129 | D36: AGETOP CIVIL | E36: DEMOLIÇÃO MANUAL DE VIGA EM CONCRETO ARMADO COM TRANSPORTE ATÉ CAÇAMBA E CARGA | F36: m³ | G36: 1.89 | H36: 315.94 | I36: =TRUNC(G36 * H36, 2) -> 597.12 | J36: =+$L$5 -> 0.2866 | K36: =TRUNC(H36 * (1 + J36), 2) -> 406.48 | L36: =TRUNC(G36 * K36, 2) -> 768.24
B37: 3.1.7 | C37: 020190 | D37: AGETOP CIVIL | E37: LIMPEZA MECÂNICA DE TERRENO | F37: m² | G37: 602.46 | H37: 0.25 | I37: =TRUNC(G37 * H37, 2) -> 150.61 | J37: =+$L$5 -> 0.2866 | K37: =TRUNC(H37 * (1 + J37), 2) -> 0.32 | L37: =TRUNC(G37 * K37, 2) -> 192.78
B38: 3.2 | E38: TRANSPORTES | I38: =SUBTOTAL(9,I39) -> 11491.41 | L38: =SUBTOTAL(9,L39) -> 14784.03
B39: 3.2.1 | C39: 030104 | D39: AGETOP CIVIL | E39: TRANSPORTE DE ENTULHO CAÇAMBA ESTACIONÁRIA SEM CARGA | F39: m³ | G39: 136.51 | H39: 84.18 | I39: =TRUNC(G39 * H39, 2) -> 11491.41 | J39: =+$L$5 -> 0.2866 | K39: =TRUNC(H39 * (1 + J39), 2) -> 108.3 | L39: =TRUNC(G39 * K39, 2) -> 14784.03
B40: 3.3 | E40: MOVIMENTO DE TERRA E LOCAÇÕES | I40: =SUBTOTAL(9,I41:I43) -> 4184.15 | L40: =SUBTOTAL(9,L41:L43) -> 5377.64
B41: 3.3.1 | C41: 041146 | D41: AGETOP CIVIL | E41: FORNECIMENTO DE SOLO PARA ATERRO - EXCLUSO TRANSPORTE PARA OBRA | F41: m³ | G41: 60.25 | H41: 14.62 | I41: =TRUNC(G41 * H41, 2) -> 880.85 | J41: =+$L$5 -> 0.2866 | K41: =TRUNC(H41 * (1 + J41), 2) -> 18.81 | L41: =TRUNC(G41 * K41, 2) -> 1133.3
B42: 3.3.2 | C42: 040904 | D42: AGETOP CIVIL | E42: REATERRO COM APILOAMENTO MECÂNICO | F42: m³ | G42: 60.25 | H42: 3.93 | I42: =TRUNC(G42 * H42, 2) -> 236.78 | J42: =+$L$5 -> 0.2866 | K42: =TRUNC(H42 * (1 + J42), 2) -> 5.05 | L42: =TRUNC(G42 * K42, 2) -> 304.26
B43: 3.3.3 | C43: 020701 | D43: AGETOP CIVIL | E43: LOCAÇÃO DA OBRA, EXECUÇÃO DE GABARITO SEM REAPROVEITAMENTO, INCLUSO PINTURA (FACE INTERNA DO RIPÃO 15CM) E PIQUETE COM TESTEMUNHA | F43: m² | G43: 602.46 | H43: 5.09 | I43: =TRUNC(G43 * H43, 2) -> 3066.52 | J43: =+$L$5 -> 0.2866 | K43: =TRUNC(H43 * (1 + J43), 2) -> 6.54 | L43: =TRUNC(G43 * K43, 2) -> 3940.08
B44: 4 | E44: FUNDAÇÕES | I44: =SUBTOTAL(9,I45:I78) -> 124510.11 | L44: =SUBTOTAL(9,L45:L78) -> 160167.52
B45: 4.1 | E45: ESTACAS | I45: =SUBTOTAL(9,I46:I51) -> 69949.23 | L45: =SUBTOTAL(9,L46:L51) -> 89981.36
B46: 4.1.1 | C46: 00112 | D46: Próprio | E46: CÓPIA DE FDE (02.02.101) - ESTACA ESCAVADA MECANICAMENTE DIAM 30CM, EXCLUSO CONCRETO. (Adaptado para atendimento ao Decreto Estadual 9900/2021). | F46: M | G46: 699 | H46: 23.59 | I46: =TRUNC(G46 * H46, 2) -> 16489.41 | J46: =+$L$5 -> 0.2866 | K46: =TRUNC(H46 * (1 + J46), 2) -> 30.35 | L46: =TRUNC(G46 * K46, 2) -> 21214.65
B47: 4.1.2 | C47: 060524 | D47: AGETOP CIVIL | E47: CONCRETO USINADO BOMBEÁVEL FCK=25 MPA (O.C.) | F47: m³ | G47: 49.41 | H47: 599.76 | I47: =TRUNC(G47 * H47, 2) -> 29634.14 | J47: =+$L$5 -> 0.2866 | K47: =TRUNC(H47 * (1 + J47), 2) -> 771.65 | L47: =TRUNC(G47 * K47, 2) -> 38127.22
B48: 4.1.3 | C48: 051060 | D48: AGETOP CIVIL | E48: LANÇAMENTO/APLICAÇÃO/ADENSAMENTO DE CONCRETO USINADO BOMBEADO EM FUNDAÇÃO | F48: m³ | G48: 49.41 | H48: 40.11 | I48: =TRUNC(G48 * H48, 2) -> 1981.83 | J48: =+$L$5 -> 0.2866 | K48: =TRUNC(H48 * (1 + J48), 2) -> 51.6 | L48: =TRUNC(G48 * K48, 2) -> 2549.55
B49: 4.1.4 | C49: 051045 | D49: AGETOP CIVIL | E49: TAXA DE BOMBEAMENTO CONCRETO MÍNIMO - 10 M3 (O.C.) | F49: m³ | G49: 49.41 | H49: 57.5 | I49: =TRUNC(G49 * H49, 2) -> 2841.07 | J49: =+$L$5 -> 0.2866 | K49: =TRUNC(H49 * (1 + J49), 2) -> 73.97 | L49: =TRUNC(G49 * K49, 2) -> 3654.85
B50: 4.1.5 | C50: 052014 | D50: AGETOP CIVIL | E50: ACO CA-60 - 5,0 MM - (OBRAS CIVIS) | F50: Kg | G50: 315 | H50: 11.96 | I50: =TRUNC(G50 * H50, 2) -> 3767.4 | J50: =+$L$5 -> 0.2866 | K50: =TRUNC(H50 * (1 + J50), 2) -> 15.38 | L50: =TRUNC(G50 * K50, 2) -> 4844.7
B51: 4.1.6 | C51: 052005 | D51: AGETOP CIVIL | E51: ACO CA-50A - 10,0 MM (3/8") - (OBRAS CIVIS) | F51: Kg | G51: 1437.3 | H51: 10.6 | I51: =TRUNC(G51 * H51, 2) -> 15235.38 | J51: =+$L$5 -> 0.2866 | K51: =TRUNC(H51 * (1 + J51), 2) -> 13.63 | L51: =TRUNC(G51 * K51, 2) -> 19590.39
B52: 4.2 | E52: BLOCOS | I52: =SUBTOTAL(9,I53:I64) -> 15411.77 | L52: =SUBTOTAL(9,L53:L64) -> 19825.34
B53: 4.2.1 | C53: 050901 | D53: AGETOP CIVIL | E53: ESCAVACAO MANUAL DE VALAS (SAPATAS/BLOCOS) | F53: m³ | G53: 12.19 | H53: 44.51 | I53: =TRUNC(G53 * H53, 2) -> 542.57 | J53: =+$L$5 -> 0.2866 | K53: =TRUNC(H53 * (1 + J53), 2) -> 57.26 | L53: =TRUNC(G53 * K53, 2) -> 697.99
B54: 4.2.2 | C54: 050902 | D54: AGETOP CIVIL | E54: APILOAMENTO (BLOCOS/SAPATAS) | F54: m² | G54: 22.71 | H54: 5.48 | I54: =TRUNC(G54 * H54, 2) -> 124.45 | J54: =+$L$5 -> 0.2866 | K54: =TRUNC(H54 * (1 + J54), 2) -> 7.05 | L54: =TRUNC(G54 * K54, 2) -> 160.1
B55: 4.2.3 | C55: 051024 | D55: AGETOP CIVIL | E55: PREPARO COM BETONEIRA E TRANSPORTE MANUAL DE CONCRETO PARA LASTRO - (O.C.) | F55: m³ | G55: 1.14 | H55: 478.94 | I55: =TRUNC(G55 * H55, 2) -> 545.99 | J55: =+$L$5 -> 0.2866 | K55: =TRUNC(H55 * (1 + J55), 2) -> 616.2 | L55: =TRUNC(G55 * K55, 2) -> 702.46
B56: 4.2.4 | C56: 200105 | D56: AGETOP CIVIL | E56: CHAPISCO COM PEDRISCO | F56: m² | G56: 75.66 | H56: 7.89 | I56: =TRUNC(G56 * H56, 2) -> 596.95 | J56: =+$L$5 -> 0.2866 | K56: =TRUNC(H56 * (1 + J56), 2) -> 10.15 | L56: =TRUNC(G56 * K56, 2) -> 767.94
B57: 4.2.5 | C57: 051037 | D57: AGETOP CIVIL | E57: CONCRETO USINADO BOMBEÁVEL FCK=30 MPA (O.C.) | F57: m³ | G57: 12.19 | H57: 616.92 | I57: =TRUNC(G57 * H57, 2) -> 7520.25 | J57: =+$L$5 -> 0.2866 | K57: =TRUNC(H57 * (1 + J57), 2) -> 793.72 | L57: =TRUNC(G57 * K57, 2) -> 9675.44
B58: 4.2.6 | C58: 051060 | D58: AGETOP CIVIL | E58: LANÇAMENTO/APLICAÇÃO/ADENSAMENTO DE CONCRETO USINADO BOMBEADO EM FUNDAÇÃO | F58: m³ | G58: 12.19 | H58: 40.11 | I58: =TRUNC(G58 * H58, 2) -> 488.94 | J58: =+$L$5 -> 0.2866 | K58: =TRUNC(H58 * (1 + J58), 2) -> 51.6 | L58: =TRUNC(G58 * K58, 2) -> 629
B59: 4.2.7 | C59: 051045 | D59: AGETOP CIVIL | E59: TAXA DE BOMBEAMENTO CONCRETO MÍNIMO - 10 M3 (O.C.) | F59: m³ | G59: 12.19 | H59: 57.5 | I59: =TRUNC(G59 * H59, 2) -> 700.92 | J59: =+$L$5 -> 0.2866 | K59: =TRUNC(H59 * (1 + J59), 2) -> 73.97 | L59: =TRUNC(G59 * K59, 2) -> 901.69
B60: 4.2.8 | C60: 052014 | D60: AGETOP CIVIL | E60: ACO CA-60 - 5,0 MM - (OBRAS CIVIS) | F60: Kg | G60: 195 | H60: 11.96 | I60: =TRUNC(G60 * H60, 2) -> 2332.2 | J60: =+$L$5 -> 0.2866 | K60: =TRUNC(H60 * (1 + J60), 2) -> 15.38 | L60: =TRUNC(G60 * K60, 2) -> 2999.1
B61: 4.2.9 | C61: 052003 | D61: AGETOP CIVIL | E61: ACO CA-50A - 6,3 MM (1/4") - (OBRAS CIVIS) | F61: Kg | G61: 13.2 | H61: 10.71 | I61: =TRUNC(G61 * H61, 2) -> 141.37 | J61: =+$L$5 -> 0.2866 | K61: =TRUNC(H61 * (1 + J61), 2) -> 13.77 | L61: =TRUNC(G61 * K61, 2) -> 181.76
B62: 4.2.10 | C62: 052004 | D62: AGETOP CIVIL | E62: ACO CA 50-A - 8,0 MM (5/16") - (OBRAS CIVIS) | F62: Kg | G62: 40.6 | H62: 10.69 | I62: =TRUNC(G62 * H62, 2) -> 434.01 | J62: =+$L$5 -> 0.2866 | K62: =TRUNC(H62 * (1 + J62), 2) -> 13.75 | L62: =TRUNC(G62 * K62, 2) -> 558.25
B63: 4.2.11 | C63: 052005 | D63: AGETOP CIVIL | E63: ACO CA-50A - 10,0 MM (3/8") - (OBRAS CIVIS) | F63: Kg | G63: 134.9 | H63: 10.6 | I63: =TRUNC(G63 * H63, 2) -> 1429.94 | J63: =+$L$5 -> 0.2866 | K63: =TRUNC(H63 * (1 + J63), 2) -> 13.63 | L63: =TRUNC(G63 * K63, 2) -> 1838.68
B64: 4.2.12 | C64: 052006 | D64: AGETOP CIVIL | E64: ACO CA 50-A - 12,5 MM (1/2") - (OBRAS CIVIS) | F64: Kg | G64: 48.4 | H64: 11.45 | I64: =TRUNC(G64 * H64, 2) -> 554.18 | J64: =+$L$5 -> 0.2866 | K64: =TRUNC(H64 * (1 + J64), 2) -> 14.73 | L64: =TRUNC(G64 * K64, 2) -> 712.93
B65: 4.3 | E65: VIGAS BALDRAMES | I65: =SUBTOTAL(9,I66:I78) -> 39149.11 | L65: =SUBTOTAL(9,L66:L78) -> 50360.82
B66: 4.3.1 | C66: 040101 | D66: AGETOP CIVIL | E66: ESCAVACAO MANUAL DE VALAS < 1 MTS. (OBRAS CIVIS) | F66: m³ | G66: 81.47 | H66: 35.15 | I66: =TRUNC(G66 * H66, 2) -> 2863.67 | J66: =+$L$5 -> 0.2866 | K66: =TRUNC(H66 * (1 + J66), 2) -> 45.22 | L66: =TRUNC(G66 * K66, 2) -> 3684.07
B67: 4.3.2 | C67: 040905 | D67: AGETOP CIVIL | E67: APILOAMENTO MECÂNICO | F67: m² | G67: 271.56 | H67: 0.44 | I67: =TRUNC(G67 * H67, 2) -> 119.48 | J67: =+$L$5 -> 0.2866 | K67: =TRUNC(H67 * (1 + J67), 2) -> 0.56 | L67: =TRUNC(G67 * K67, 2) -> 152.07
B68: 4.3.3 | C68: 040904 | D68: AGETOP CIVIL | E68: REATERRO COM APILOAMENTO MECÂNICO | F68: m³ | G68: 68.66 | H68: 3.93 | I68: =TRUNC(G68 * H68, 2) -> 269.83 | J68: =+$L$5 -> 0.2866 | K68: =TRUNC(H68 * (1 + J68), 2) -> 5.05 | L68: =TRUNC(G68 * K68, 2) -> 346.73
B69: 4.3.4 | C69: 051024 | D69: AGETOP CIVIL | E69: PREPARO COM BETONEIRA E TRANSPORTE MANUAL DE CONCRETO PARA LASTRO - (O.C.) | F69: m³ | G69: 2.72 | H69: 478.94 | I69: =TRUNC(G69 * H69, 2) -> 1302.71 | J69: =+$L$5 -> 0.2866 | K69: =TRUNC(H69 * (1 + J69), 2) -> 616.2 | L69: =TRUNC(G69 * K69, 2) -> 1676.06
B70: 4.3.5 | C70: 051009 | D70: AGETOP CIVIL | E70: FORMA TABUA PINHO PARA FUNDACOES U=3V - (OBRAS CIVIS) | F70: m² | G70: 205.26 | H70: 75.8 | I70: =TRUNC(G70 * H70, 2) -> 15558.7 | J70: =+$L$5 -> 0.2866 | K70: =TRUNC(H70 * (1 + J70), 2) -> 97.52 | L70: =TRUNC(G70 * K70, 2) -> 20016.95
B71: 4.3.6 | C71: 051037 | D71: AGETOP CIVIL | E71: CONCRETO USINADO BOMBEÁVEL FCK=30 MPA (O.C.) | F71: m³ | G71: 12.81 | H71: 616.92 | I71: =TRUNC(G71 * H71, 2) -> 7902.74 | J71: =+$L$5 -> 0.2866 | K71: =TRUNC(H71 * (1 + J71), 2) -> 793.72 | L71: =TRUNC(G71 * K71, 2) -> 10167.55
B72: 4.3.7 | C72: 051060 | D72: AGETOP CIVIL | E72: LANÇAMENTO/APLICAÇÃO/ADENSAMENTO DE CONCRETO USINADO BOMBEADO EM FUNDAÇÃO | F72: m³ | G72: 12.81 | H72: 40.11 | I72: =TRUNC(G72 * H72, 2) -> 513.8 | J72: =+$L$5 -> 0.2866 | K72: =TRUNC(H72 * (1 + J72), 2) -> 51.6 | L72: =TRUNC(G72 * K72, 2) -> 660.99
B73: 4.3.8 | C73: 051045 | D73: AGETOP CIVIL | E73: TAXA DE BOMBEAMENTO CONCRETO MÍNIMO - 10 M3 (O.C.) | F73: m³ | G73: 12.81 | H73: 57.5 | I73: =TRUNC(G73 * H73, 2) -> 736.57 | J73: =+$L$5 -> 0.2866 | K73: =TRUNC(H73 * (1 + J73), 2) -> 73.97 | L73: =TRUNC(G73 * K73, 2) -> 947.55
B74: 4.3.9 | C74: 052014 | D74: AGETOP CIVIL | E74: ACO CA-60 - 5,0 MM - (OBRAS CIVIS) | F74: Kg | G74: 220.8 | H74: 11.96 | I74: =TRUNC(G74 * H74, 2) -> 2640.76 | J74: =+$L$5 -> 0.2866 | K74: =TRUNC(H74 * (1 + J74), 2) -> 15.38 | L74: =TRUNC(G74 * K74, 2) -> 3395.9
B75: 4.3.10 | C75: 052003 | D75: AGETOP CIVIL | E75: ACO CA-50A - 6,3 MM (1/4") - (OBRAS CIVIS) | F75: Kg | G75: 0.2 | H75: 10.71 | I75: =TRUNC(G75 * H75, 2) -> 2.14 | J75: =+$L$5 -> 0.2866 | K75: =TRUNC(H75 * (1 + J75), 2) -> 13.77 | L75: =TRUNC(G75 * K75, 2) -> 2.75
B76: 4.3.11 | C76: 052004 | D76: AGETOP CIVIL | E76: ACO CA 50-A - 8,0 MM (5/16") - (OBRAS CIVIS) | F76: Kg | G76: 246.8 | H76: 10.69 | I76: =TRUNC(G76 * H76, 2) -> 2638.29 | J76: =+$L$5 -> 0.2866 | K76: =TRUNC(H76 * (1 + J76), 2) -> 13.75 | L76: =TRUNC(G76 * K76, 2) -> 3393.5
B77: 4.3.12 | C77: 052005 | D77: AGETOP CIVIL | E77: ACO CA-50A - 10,0 MM (3/8") - (OBRAS CIVIS) | F77: Kg | G77: 240 | H77: 10.6 | I77: =TRUNC(G77 * H77, 2) -> 2544 | J77: =+$L$5 -> 0.2866 | K77: =TRUNC(H77 * (1 + J77), 2) -> 13.63 | L77: =TRUNC(G77 * K77, 2) -> 3271.2
B78: 4.3.13 | C78: 052006 | D78: AGETOP CIVIL | E78: ACO CA 50-A - 12,5 MM (1/2") - (OBRAS CIVIS) | F78: Kg | G78: 179.6 | H78: 11.45 | I78: =TRUNC(G78 * H78, 2) -> 2056.42 | J78: =+$L$5 -> 0.2866 | K78: =TRUNC(H78 * (1 + J78), 2) -> 14.73 | L78: =TRUNC(G78 * K78, 2) -> 2645.5
B79: 5 | E79: SUPERESTRUTURA | G79: 1 | I79: =SUBTOTAL(9,I80:I92) -> 191426.15 | L79: =SUBTOTAL(9,L80:L92) -> 246261.6
B80: 5.1 | C80: 060213 | D80: AGETOP CIVIL | E80: FORMA CHAPA DE COMPENSADO PLASTIFICADO 12MM-VIGA/PILAR U=2V - (OBRAS CIVIS) | F80: m² | G80: 748.09 | H80: 130.12 | I80: =TRUNC(G80 * H80, 2) -> 97341.47 | J80: =+$L$5 -> 0.2866 | K80: =TRUNC(H80 * (1 + J80), 2) -> 167.41 | L80: =TRUNC(G80 * K80, 2) -> 125237.74
B81: 5.2 | C81: 060103 | D81: AGETOP CIVIL | E81: ESCORAMENTO METALICO - VIGAS/LAJES (ALUGUEL/MES) | F81: m² | G81: 340.88 | H81: 22.54 | I81: =TRUNC(G81 * H81, 2) -> 7683.43 | J81: =+$L$5 -> 0.2866 | K81: =TRUNC(H81 * (1 + J81), 2) -> 28.99 | L81: =TRUNC(G81 * K81, 2) -> 9882.11
B82: 5.3 | C82: 060314 | D82: AGETOP CIVIL | E82: ACO CA - 60 - 5,0 MM - (OBRAS CIVIS) | F82: Kg | G82: 844.7 | H82: 11.96 | I82: =TRUNC(G82 * H82, 2) -> 10102.61 | J82: =+$L$5 -> 0.2866 | K82: =TRUNC(H82 * (1 + J82), 2) -> 15.38 | L82: =TRUNC(G82 * K82, 2) -> 12991.48
B83: 5.4 | C83: 060303 | D83: AGETOP CIVIL | E83: ACO CA-50-A - 6,3 MM (1/4") - (OBRAS CIVIS) | F83: Kg | G83: 59.8 | H83: 10.71 | I83: =TRUNC(G83 * H83, 2) -> 640.45 | J83: =+$L$5 -> 0.2866 | K83: =TRUNC(H83 * (1 + J83), 2) -> 13.77 | L83: =TRUNC(G83 * K83, 2) -> 823.44
B84: 5.5 | C84: 060304 | D84: AGETOP CIVIL | E84: ACO CA-50 A - 8,0 MM (5/16") - (OBRAS CIVIS) | F84: Kg | G84: 576.5 | H84: 10.69 | I84: =TRUNC(G84 * H84, 2) -> 6162.78 | J84: =+$L$5 -> 0.2866 | K84: =TRUNC(H84 * (1 + J84), 2) -> 13.75 | L84: =TRUNC(G84 * K84, 2) -> 7926.87
B85: 5.6 | C85: 060305 | D85: AGETOP CIVIL | E85: ACO CA-50A - 10,0 MM (3/8") - (OBRAS CIVIS) | F85: Kg | G85: 1189.2 | H85: 10.6 | I85: =TRUNC(G85 * H85, 2) -> 12605.52 | J85: =+$L$5 -> 0.2866 | K85: =TRUNC(H85 * (1 + J85), 2) -> 13.63 | L85: =TRUNC(G85 * K85, 2) -> 16208.79
B86: 5.7 | C86: 060306 | D86: AGETOP CIVIL | E86: ACO CA-50A - 12,5 MM (1/2") - (OBRAS CIVIS) | F86: Kg | G86: 500.9 | H86: 11.45 | I86: =TRUNC(G86 * H86, 2) -> 5735.3 | J86: =+$L$5 -> 0.2866 | K86: =TRUNC(H86 * (1 + J86), 2) -> 14.73 | L86: =TRUNC(G86 * K86, 2) -> 7378.25
B87: 5.8 | C87: 060307 | D87: AGETOP CIVIL | E87: ACO CA-50 - 16,0 MM (5/8") - (OBRAS CIVIS) | F87: Kg | G87: 282.3 | H87: 11.42 | I87: =TRUNC(G87 * H87, 2) -> 3223.86 | J87: =+$L$5 -> 0.2866 | K87: =TRUNC(H87 * (1 + J87), 2) -> 14.69 | L87: =TRUNC(G87 * K87, 2) -> 4146.98
B88: 5.9 | C88: 060308 | D88: AGETOP CIVIL | E88: ACO CA 50-A - 20,0 MM (3/4") - (OBRAS CIVIS) | F88: Kg | G88: 61 | H88: 11.39 | I88: =TRUNC(G88 * H88, 2) -> 694.79 | J88: =+$L$5 -> 0.2866 | K88: =TRUNC(H88 * (1 + J88), 2) -> 14.65 | L88: =TRUNC(G88 * K88, 2) -> 893.65
B89: 5.10 | C89: 060525 | D89: AGETOP CIVIL | E89: CONCRETO USINADO BOMBEÁVEL FCK=30 MPA (O.C.) | F89: m³ | G89: 51.91 | H89: 616.92 | I89: =TRUNC(G89 * H89, 2) -> 32024.31 | J89: =+$L$5 -> 0.2866 | K89: =TRUNC(H89 * (1 + J89), 2) -> 793.72 | L89: =TRUNC(G89 * K89, 2) -> 41202
B90: 5.11 | C90: 060800 | D90: AGETOP CIVIL | E90: LANÇAMENTO/APLICAÇÃO/ADENSAMENTO DE CONCRETO USINADO BOMBEADO EM ESTRUTURA - (O.C.) | F90: m³ | G90: 51.91 | H90: 49.5 | I90: =TRUNC(G90 * H90, 2) -> 2569.54 | J90: =+$L$5 -> 0.2866 | K90: =TRUNC(H90 * (1 + J90), 2) -> 63.68 | L90: =TRUNC(G90 * K90, 2) -> 3305.62
B91: 5.12 | C91: 060803 | D91: AGETOP CIVIL | E91: TAXA DE BOMBEAMENTO CONCRETO-MÍNIMO 10 M3 - (O.C.) | F91: m³ | G91: 51.91 | H91: 57.5 | I91: =TRUNC(G91 * H91, 2) -> 2984.82 | J91: =+$L$5 -> 0.2866 | K91: =TRUNC(H91 * (1 + J91), 2) -> 73.97 | L91: =TRUNC(G91 * K91, 2) -> 3839.78
B92: 5.13 | C92: 061102 | D92: AGETOP CIVIL | E92: PISO EM LAJE PRÉ-MOLDADA INCLUSO CAPEAMENTO/ARMADURA DE DISTRIBUIÇÃO/ESCORAMENTO E FORMA/DESFORMA | F92: m² | G92: 69.96 | H92: 138.04 | I92: =TRUNC(G92 * H92, 2) -> 9657.27 | J92: =+$L$5 -> 0.2866 | K92: =TRUNC(H92 * (1 + J92), 2) -> 177.6 | L92: =TRUNC(G92 * K92, 2) -> 12424.89
B93: 6 | E93: PAREDES E PAINÉIS | I93: =SUBTOTAL(9,I94:I99) -> 120321.53 | L93: =SUBTOTAL(9,L94:L99) -> 154795.34
B94: 6.1 | C94: 100160 | D94: AGETOP CIVIL | E94: ALVENARIA DE TIJOLO FURADO 1/2 VEZ 9X14X29 - 6 FUROS - ARG. (1CALH | F94: m² | G94: 635.26 | H94: 54.39 | I94: =TRUNC(G94 * H94, 2) -> 34551.79 | J94: =+$L$5 -> 0.2866 | K94: =TRUNC(H94 * (1 + J94), 2) -> 69.97 | L94: =TRUNC(G94 * K94, 2) -> 44449.14
B95: 6.2 | C95: 100202 | D95: AGETOP CIVIL | E95: ALVENARIA DE TIJOLO FURADO 1 VEZ - 9X19X19 CM - ARG. (1CALH | F95: m² | G95: 245.23 | H95: 112.1 | I95: =TRUNC(G95 * H95, 2) -> 27490.28 | J95: =+$L$5 -> 0.2866 | K95: =TRUNC(H95 * (1 + J95), 2) -> 144.22 | L95: =TRUNC(G95 * K95, 2) -> 35367.07
B96: 6.3 | C96: 104724 | D96: SINAPI | E96: PAREDE COM SISTEMA EM CHAPAS DE GESSO PARA DRYWALL, USO INTERNO, COM UMA FACE SIMPLES E ESTRUTURA METÁLICA COM GUIAS SIMPLES PARA PAREDES COM ÁREA LÍQUIDA MENOR QUE 6 M2, COM VÃOS. AF_07/2023_PS. (Adaptado em atendimento ao Decreto 9900/2021) | F96: m² | G96: 249.56 | H96: 71.89 | I96: =TRUNC(G96 * H96, 2) -> 17940.86 | J96: =+$L$5 -> 0.2866 | K96: =TRUNC(H96 * (1 + J96), 2) -> 92.49 | L96: =TRUNC(G96 * K96, 2) -> 23081.8
B97: 6.4 | C97: 00108 | D97: Próprio | E97: CÓPIA DE GOINFRA CIVIL (100320) - DIVISORIA DE GRANITO POLIDO BRANCO DALLAS | F97: m² | G97: 55.89 | H97: 628.54 | I97: =TRUNC(G97 * H97, 2) -> 35129.1 | J97: =+$L$5 -> 0.2866 | K97: =TRUNC(H97 * (1 + J97), 2) -> 808.67 | L97: =TRUNC(G97 * K97, 2) -> 45196.56
B98: 6.5 | C98: 060010 | D98: AGETOP CIVIL | E98: VERGA/CONTRAVERGA EM CONCRETO ARMADO FCK = 20 MPA | F98: m³ | G98: 0.59 | H98: 2594.5 | I98: =TRUNC(G98 * H98, 2) -> 1530.75 | J98: =+$L$5 -> 0.2866 | K98: =TRUNC(H98 * (1 + J98), 2) -> 3338.08 | L98: =TRUNC(G98 * K98, 2) -> 1969.46
B99: 6.6 | C99: 93203 | D99: SINAPI | E99: FIXAÇÃO (ENCUNHAMENTO) DE ALVENARIA DE VEDAÇÃO COM ESPUMA DE POLIURETANO EXPANSIVA. AF_03/2024. (Adaptado em atendimento ao Decreto 9900/2021) | F99: M | G99: 347.38 | H99: 10.59 | I99: =TRUNC(G99 * H99, 2) -> 3678.75 | J99: =+$L$5 -> 0.2866 | K99: =TRUNC(H99 * (1 + J99), 2) -> 13.62 | L99: =TRUNC(G99 * K99, 2) -> 4731.31
B100: 7 | E100: ESQUADRIAS | I100: =SUBTOTAL(9,I101:I127) -> 499121.37 | K100: =TRUNC(H100 * (1 + J100), 2) -> #VALUE! | L100: =SUBTOTAL(9,L101:L127) -> 626617.24
B101: 7.1 | E101: ESQUADRIAS DE ALUMÍNIO | I101: =SUBTOTAL(9,I102:I104) -> 75355.27 | K101: =TRUNC(H101 * (1 + J101), 2) -> #VALUE! | L101: =SUBTOTAL(9,L102:L104) -> 96951.61
B102: 7.1.1 | C102: 180122 | D102: AGETOP CIVIL | E102: JANELA MAXIM AR EM ALUMINIO COM ACABAMENTO EM PINTURA ELETROSTÁTICA BRANCA - INCLUSO FERRAGENS (M.O.FAB.INC.MAT.) | F102: m² | G102: 29.44 | H102: 867.82 | I102: =TRUNC(G102 * H102, 2) -> 25548.62 | J102: =+$L$5 -> 0.2866 | K102: =TRUNC(H102 * (1 + J102), 2) -> 1116.53 | L102: =TRUNC(G102 * K102, 2) -> 32870.64
...

Sheet BDI NORMAL (DES)
B1: BONIFICAÇÃO DE DESPESAS INDIRETAS BDI - NORMAL COM DESONERAÇÃO
B4: OBJETO: | C4: ='CURVA ABC DE SERVIÇOS (ONE)'!C3 -> REFORMA / AMPLIAÇÃO - TERMINAL DE PASSAGEIROS DE ITUMBIARA | N4: DATA: | O4: ='CURVA ABC DE SERVIÇOS (ONE)'!F3 -> 27/06/2025
B5: LOCAL: | C5: ='CURVA ABC DE SERVIÇOS (ONE)'!C4 -> AVENIDA ITUMBIARA, N. 1391, RESIDENCIAL JARDIM PRIMAVERA, ITUMBIARA - GO | N5: REVISÃO: | O5: ='CURVA ABC DE SERVIÇOS (ONE)'!F4 -> 00
B7: Município da Obra | E7: MATRINCHÃ - GO
B8: Base de cálculo ISS do município | E8: 1 | F8: ISS: | G8: 0.05
C10: Descrição | F10: Valor percentual adotado | I10: Limites das parcelas do BDI para obras do tipo acima selecionado. Acórdão TCU 2622/2013 | M10: Limites do valor do BDI para obras do tipo acima selecionado. Acórdão TCU 2622/2013
I11: Mín | J11: Med. | K11: Máx. | M11: 20.34 | N11: 22.12 | O11: 25
C12: (AC) - Administração Central | F12: 4 | I12: 3 | J12: 4 | K12: 5.5
C13: (S) + (G) - Seguro e Garantia | F13: 0.12 | I13: 0.8 | J13: 0.8 | K13: 1
C14: (R) - Risco | F14: 0.97 | I14: 0.97 | J14: 1.27 | K14: 1.27
C15: (DF) - Despesas Financeiras | F15: 1.17 | I15: 0.59 | J15: 1.23 | K15: 1.39
C16: (L) - Lucro | F16: 7.4 | I16: 6.16 | J16: 7.4 | K16: 8.96
C17: (I1) - PIS | F17: =I17 -> 0.65 | I17: 0.65 | J17: 0.65 | K17: 0.65
C18: (I2) - COFINS | F18: =I18 -> 3 | I18: 3 | J18: 3 | K18: 3
C19: (I3) - ISS | F19: 4 | I19: 2 | J19: 2 | K19: 5
C20: (I4) - Contribuição Previdenciária (CPRB) | F20: 3.6
C21: BDI Adotado | F21: =TRUNC((((((1+F12/100+F13/100+F14/100)*(1+F15/100)*(1+F16/100))/(1-(F17/100+F18/100+F19/100+F20/100)))-1)*100),2) -> 28.66 | I21: *Fonte da composição, valores de referência e fórmula do BDI: Acórdão 2622/2013-TCU-Plenário
B23: O valores do BDI acima foram calculados com emprego da equação a seguir:
B25: Onde:
B26: AC - taxa de rateio da Administração Central
B27: DF - taxa das despesas financeiras
B28: R, S, G - taxa de risco, seguro e garantia do empreendimento
B29: I - taxa de tributos (onerado: I = COFINS+PIS+ISS / desonerado: I = COFINS+PIS+ISS+CPRB)
B30: L - taxa de lucro

Sheet BDI DIFERENCIADO (DES)
B1: BONIFICAÇÃO DE DESPESAS INDIRETAS BDI - DIFERENCIADO COM DESONERAÇÃO
B4: OBJETO: | C4: ='CURVA ABC DE SERVIÇOS (ONE)'!C3 -> REFORMA / AMPLIAÇÃO - TERMINAL DE PASSAGEIROS DE ITUMBIARA | N4: DATA: | O4: ='CURVA ABC DE SERVIÇOS (ONE)'!F3 -> 27/06/2025
B5: LOCAL: | C5: ='CURVA ABC DE SERVIÇOS (ONE)'!C4 -> AVENIDA ITUMBIARA, N. 1391, RESIDENCIAL JARDIM PRIMAVERA, ITUMBIARA - GO | N5: REVISÃO: | O5: ='CURVA ABC DE SERVIÇOS (ONE)'!F4 -> 00
B7: Município da Obra | E7: MATRINCHÃ - GO
B8: Base de cálculo ISS do município | E8: 1 | F8: ISS: | G8: 0.05
C10: Descrição | F10: Valor percentual adotado | I10: Limites das parcelas do BDI para obras do tipo acima selecionado. Acórdão TCU 2622/2013 | M10: Limites do valor do BDI para obras do tipo acima selecionado. Acórdão TCU 2622/2013
I11: Mín | J11: Med. | K11: Máx. | M11: 11.1 | N11: 14.02 | O11: 16.8
C12: (AC) - Administração Central | F12: 3.45 | I12: 1.5 | J12: 3.45 | K12: 4.49
C13: (S) + (G) - Seguro e Garantia | F13: 0.06 | I13: 0.3 | J13: 0.48 | K13: 0.82
C14: (R) - Risco | F14: 0.56 | I14: 0.56 | J14: 0.85 | K14: 0.89
C15: (DF) - Despesas Financeiras | F15: 1.17 | I15: 0.85 | J15: 0.85 | K15: 1.11
C16: (L) - Lucro | F16: 4.8 | I16: 3.5 | J16: 5.11 | K16: 6.22
C17: (I1) - PIS | F17: 0.654 | I17: 0.65 | J17: 0.65 | K17: 0.65
C18: (I2) - COFINS | F18: 3 | I18: 3 | J18: 3 | K18: 3
C19: (I3) - ISS | F19: 4 | I19: 2 | J19: 2 | K19: 5
C20: (I4) - Contribuição Previdenciária (CPRB) | F20: 3.6
C21: BDI Adotado | F21: =TRUNC((((((1+F12/100+F13/100+F14/100)*(1+F15/100)*(1+F16/100))/(1-(F17/100+F18/100+F19/100+F20/100)))-1)*100),2) -> 24.33 | I21: *Fonte da composição, valores de referência e fórmula do BDI: Acórdão 2622/2013-TCU-Plenário
B23: O valores do BDI acima foram calculados com emprego da equação a seguir:
B25: Onde:
B26: AC - taxa de rateio da Administração Central
B27: DF - taxa das despesas financeiras
B28: R, S, G - taxa de risco, seguro e garantia do empreendimento
B29: I - taxa de tributos (onerado: I = COFINS+PIS+ISS / desonerado: I = COFINS+PIS+ISS+CPRB)
B30: L - taxa de lucro

Sheet CAPA - MEMORIAL DE CÁLCULO
C9: MEMORIAL DE CÁLCULO E LEVANTAMENTOS

Sheet CANTEIRO
B1: MEMORIAL DE CÁLCULO
B4: OBJETO: | C4: ='QUANTIDADE MÃO DE OBRA'!C3 -> REFORMA / AMPLIAÇÃO - TERMINAL DE PASSAGEIROS DE ITUMBIARA | M4: DATA: | N4: ='QUANTIDADE MÃO DE OBRA'!J3 -> 27/06/2025
B5: LOCAL: | C5: ='QUANTIDADE MÃO DE OBRA'!C4 -> AVENIDA ITUMBIARA, N. 1391, RESIDENCIAL JARDIM PRIMAVERA, ITUMBIARA - GO | M5: REVISÃO: | N5: ='QUANTIDADE MÃO DE OBRA'!J4 -> 00
B7: SERVIÇOS: | C7: CANTEIRO
C9: Barracão de obras
C10: O barracão de obras destina-se ao apoio logístico da obra e acomodação de funcionários, em consonância o que rege a NR-18. No dimensionamento do barracão para este empreendimento contempla: REFEITÓRIO, ÁREA DE LAZER, VESTIÁRIOS, BANHEIROS, AMBULATÓRIO, ESCRITÓRIOS E ALMOXARIFADO. O cálculo é baseado na quantidade de funcionarios que a obra contemplará.
E12: Quantidade máxima de funcionários | F12: 20
C13: Dimensionamento dos banheiros
E14: Requisitos: | F14: 01 conjunto de lavatório, vaso sanitário e mictório para cada 15 funcionários | L14: Total | M14: =+ROUND($F$12/15,0) -> 1 | N14: cj
F15: 01 conjunto de chuveiro para cada 8 funcionários | L15: Total | M15: =+ROUND($F$12/8,0) -> 3 | N15: cj
E17: Estimativa de área: | F17: Vaso sanitário | G17: 1.2 | H17: m² | I17: Masculino e Feminino (x2) | L17: Área | M17: =+G17*M14*2 -> 2.4 | N17: m²
F18: Chuveiro | G18: 1 | H18: m² | I18: Masculino e Feminino (x2) | L18: Área | M18: =+G18*M15*2 -> 6 | N18: m²
F19: Lavatório | G19: 0.6 | H19: m² | I19: Masculino e Feminino (x2) | L19: Área | M19: =+G19*M14*2 -> 1.2 | N19: m²
F20: Mictório | G20: 0.6 | H20: m² | I20: Masculino | L20: Área | M20: =+G20*M14 -> 0.6 | N20: m²
L21: Total | M21: =SUM(M17:M20) -> 10.2 | N21: m²
C22: Dimensionamento do vestiário
F23: Área estimada | G23: 1.5 | H23: m² por funcionário | J23: 80% masculino | L23: Área | M23: =+G23*F12*0.8 -> 24 | N23: m²
F24: Área estimada | G24: 1.5 | H24: m² por funcionário | J24: 20% feminino | L24: Área | M24: =+G24*F12*0.2 -> 6 | N24: m²
L25: Total | M25: =SUM(M23:M24) -> 30 | N25: m²
C26: Dimensionamento do refeitório
F27: Área estimada | G27: 1.25 | H27: m² por funcionário | L27: Área | M27: =+G27*F12 -> 25 | N27: m²
L28: Total | M28: =SUM(M27) -> 25 | N28: m²
C29: Dimensionamento da área de lazer
F30: Área estimada | G30: 0.4 | H30: m² por funcionário | L30: Área | M30: =+G30*F12 -> 8 | N30: m²
L31: Total | M31: =SUM(M30) -> 8 | N31: m²
C32: Dimensionamento do ambulatório
F33: Área estimada | G33: =25/F12 -> 1.25 | H33: m² por funcionário | L33: Área | M33: =+G33*F12 -> 25 | N33: m²
L34: Total | M34: =SUM(M33) -> 25 | N34: m²
C35: Dimensionamento do escritório
F36: Engenharia | G36: =3.3*3.3 -> 10.89 | H36: m² | L36: Área | M36: =+G36 -> 10.89 | N36: m²
F37: Mestre de obras | G37: =3.3*2.2 -> 7.26 | H37: m² | L37: Área | M37: =+G37 -> 7.26 | N37: m²
F38: Estagiários e técnicos | G38: =3.3*3.3 -> 10.89 | H38: m² | L38: Área (x2) | M38: =+G38*2 -> 21.78 | N38: m²
F39: Banheiro | G39: =2.2*1.1 -> 2.42 | H39: m² | L39: Área (x2) | M39: =+G39*2 -> 4.84 | N39: m²
L40: Total | M40: =SUM(M36:M39) -> 44.77 | N40: m²
C41: Dimensionamento da portaria
F42: Portaria | G42: =2*2 -> 4 | H42: m² | L42: Área | M42: =+G42 -> 4 | N42: m²
L43: Total | M43: =SUM(M42) -> 4 | N43: m²
C44: Dimensionamento do almoxarifado
F45: Almoxarifado | G45: 30 | H45: m² | L45: Área | M45: =+G45 -> 30 | N45: m²
L46: Total | M46: =SUM(M45:M45) -> 30 | N46: m²
L47: Área Total | M47: =+M46+M43+M40+M34+M31+M28+M25+M21 -> 176.97 | N47: m²

Sheet QUANTIDADE MÃO DE OBRA
B1: QUANTIDADE DE MÃO DE OBRA SEM DESONERAÇÃO
B3: OBJETO: | C3: ='BDI DIFERENCIADO (DES)'!C4 -> REFORMA / AMPLIAÇÃO - TERMINAL DE PASSAGEIROS DE ITUMBIARA | I3: DATA: | J3: ='CURVA ABC DE SERVIÇOS (ONE)'!F3 -> 27/06/2025 | L3: ENCARGOS SOCIAIS HORISTAS: | M3: ='ORÇAMENTO RESUMO (SD)'!K3 -> 1.1737
B4: LOCAL: | C4: ='BDI DIFERENCIADO (DES)'!C5 -> AVENIDA ITUMBIARA, N. 1391, RESIDENCIAL JARDIM PRIMAVERA, ITUMBIARA - GO | I4: REVISÃO: | J4: ='CURVA ABC DE SERVIÇOS (ONE)'!F4 -> 00 | L4: ENCARGOS SOCIAIS MENSALISTAS: | M4: ='ORÇAMENTO RESUMO (SD)'!K4 -> 0.7419
I5: PRAZO: | J5: ='CURVA ABC DE SERVIÇOS (ONE)'!F5 -> 06 MESES | L5: BDI OBRA: | M5: ='ORÇAMENTO RESUMO (SD)'!K5 -> 0.2365
L6: BDI DIFERENCIADO: | M6: ='ORÇAMENTO RESUMO (SD)'!K6 -> 0.1948
B8: Banco | C8: Código | D8: Descrição | E8: Tipo | F8: Unidade | G8: Quantidade | H8: Valor Unitário Operativa | I8: Total Operativa | J8: Geral | K8: Peso | L8: Valor Acumulado | M8: Geral
B9: 0005 | C9: AGETOP CIVIL | D9: SERVENTE | E9: Mão de Obra | F9: h | G9: 7010.5093 | H9: 13,70 | I9: 96.043,98 | J9: 96043.977 | K9: 3,09% | L9: 1046711.4 | M9: 33,73%
B10: 0008 | C10: AGETOP CIVIL | D10: AJUDANTE | E10: Mão de Obra | F10: h | G10: 6159.056 | H10: 15,03 | I10: 92.570,61 | J10: 92570.611 | K10: 2,98% | L10: 1139282 | M10: 36,71%
B11: 0003 | C11: AGETOP CIVIL | D11: MESTRE DE OBRAS | E11: Mão de Obra | F11: h | G11: 1320 | H11: 46,32 | I11: 61.142,40 | J11: 61142.4 | K11: 1,97% | L11: 1346323.3 | M11: 43,38%
B12: 0001 | C12: AGETOP CIVIL | D12: ENGENHEIRO | E12: Mão de Obra | F12: h | G12: 660 | H12: 91,47 | I12: 60.370,20 | J12: 60370.2 | K12: 1,95% | L12: 1406693.5 | M12: 45,33%
B13: 0004 | C13: AGETOP CIVIL | D13: PEDREIRO | E13: Mão de Obra | F13: h | G13: 2844.5197 | H13: 20,97 | I13: 59.649,58 | J13: 59649.579 | K13: 1,92% | L13: 1466343.1 | M13: 47,25%
B14: 0012 | C14: AGETOP CIVIL | D14: ELETRICISTA | E14: Mão de Obra | F14: h | G14: 2534.1538 | H14: 20,97 | I14: 53.141,20 | J14: 53141.204 | K14: 1,71% | L14: 1519484.3 | M14: 48,96%
B15: 0010 | C15: AGETOP CIVIL | D15: CARPINTEIRO | E15: Mão de Obra | F15: h | G15: 1984.747 | H15: 20,97 | I15: 41.620,14 | J15: 41620.144 | K15: 1,34% | L15: 1660868 | M15: 53,51%
B16: 0018 | C16: AGETOP CIVIL | D16: PINTOR | E16: Mão de Obra | F16: h | G16: 1842.1325 | H16: 20,97 | I16: 38.629,52 | J16: 38629.519 | K16: 1,24% | L16: 1780390 | M16: 57,37%
B17: 0017 | C17: AGETOP CIVIL | D17: ALMOXARIFE/APONTADOR | E17: Mão de Obra | F17: h | G17: 1320 | H17: 16,79 | I17: 22.162,80 | J17: 22162.8 | K17: 0,71% | L17: 2082325.2 | M17: 67,09%
B18: 0021 | C18: AGETOP CIVIL | D18: SERRALHEIRO | E18: Mão de Obra | F18: h | G18: 988.39 | H18: 20,97 | I18: 20.726,54 | J18: 20726.538 | K18: 0,67% | L18: 2125036.9 | M18: 68,47%
B19: 0028 | C19: AGETOP CIVIL | D19: AZULEJISTA | E19: Mão de Obra | F19: h | G19: 854.33476 | H19: 20,97 | I19: 17.915,40 | J19: 17915.4 | K19: 0,58% | L19: 2222186.6 | M19: 71,60%
B20: 0011 | C20: AGETOP CIVIL | D20: ENCANADOR | E20: Mão de Obra | F20: h | G20: 712.63466 | H20: 20,97 | I20: 14.943,95 | J20: 14943.949 | K20: 0,48% | L20: 2317246.1 | M20: 74,66%
... B29: 0019 | C29: AGETOP CIVIL | D29: JARDINEIRO | E29: Mão de Obra | F29: h | G29: 2.824605 | H29: 13,57 | I29: 38,33 | J29: 38.32989 | K29: 0,00% | L29: 3103327.2 | M29: 99,99%
B30: 0023 | C30: AGETOP CIVIL | D30: APLICADOR DE EPOXI | E30: Mão de Obra | F30: h | G30: 0.283152 | H30: 20,97 | I30: 5,94 | J30: 5.9376974 | K30: 0,00% | L30: 3104620 | M30: 1
L32: Total sem BDI | M32: ='ORÇAMENTO SINTÉTICO - ONE'!L378 -> 3155725.8
L33: Total do BDI | M33: ='ORÇAMENTO SINTÉTICO - ONE'!L379 -> 718505.37
D34: QUANTIDADE HORA TOTAL | E34: =SUM(G9:G30) -> 31796.058 | L34: Total Geral | M34: =M32+M33 -> 3874231.1
D35: QUANTIDADE HORA MENOS ENGENHEIRO, AGETOP RODOVIÁRIA E VIGIA TERCERIZADO. | E35: =E34-(G25+G23) -> 30516.058
D36: QUANTIDADE HORA - CALCULADA | E36: =(E35/8.8)*0.85 -> 2947.5738
D37: QUANTIDADE HORA - CALCULADA ARREDONDADA. | E37: =ROUND(E36,0) -> 2948
D39: ADM LOCAL | E39: ='ORÇAMENTO SINTÉTICO - ONE'!L9 -> 341358.58
D40: TOTAL GER. ADM LOCAL | E40: =SUM(E39:E39) -> 341358.58
D41: PERCENTUAL ADM LOCAL | E41: =E40/M34 -> 0.088110019
